 Dungeon Crawl Stone Soup version 0.30.1-11-g7821555f0a (webtiles) character file.

Game seed: 2110285080434525644

1156086 GreatBamboolord the Invulnerable (level 27, -2/264 HPs)
             Began as an Armataur Fighter on Dec 14, 2023.
             Was a High Priest of Okawaru.
             Slain by an iron golem (24 damage)
             ... on level 5 of the Iron City of Dis on Dec 19, 2023.
             The game lasted 05:14:01 (106991 turns).

GreatBamboolord the Invulnerable (AtFi)           Turns: 106991, Time: 05:14:03

Health: -2/264     AC: 48    Str: 33 (37) XL:     27
Magic:  29/37      EV: 13    Int: 11      God:    Okawaru [*****.]
Gold:   10013      SH: 37    Dex: 13      Spells: 25/26 levels left

rFire   + + +        a - +9 sacred scourge (holy)
rCold   + + .        t - +8 tower shield {reflect}
rNeg    + + .        n - +9 plate armour of Okawaru's Grace {rElec rC++ rCorr}
rPois   +            j - +4 helmet of Defiance {Dex+2}
rElec   +            q - +2 cloak {rPois}
rCorr   +            M - +3 pair of gauntlets of War {Slay+5}
SInv    +            s - +3 barding of Keliehab {Will++}
Will    +++++        W - amulet of Osioshruull {Reflect *Slow rF+++ Will+ Regen+ SH+5} Stlth
                     w - ring "Wewnuist" {rN+ Str+3 Stlth+}
HPRegen 1.44/turn    X - ring "Juthaluc" {rF+ rN+ Str+2 SInv Stlth-}
MPRegen 0.25/turn

%: slow self (1%), reflection, roll
@: mighty, hasted, studying Shields, corroded, very quick
A: large, rugged brown scales 3, deformed body, armoured tail, roll, long
tongue, awkward tongue, frail 1, noise suppression
}: 12/15 runes: decaying, serpentine, slimy, silver, obsidian, bone, abyssal,
demonic, glowing, magical, fiery, dark
a: Renounce Religion, Heroism, Finesse, Duel


You were on level 5 of the Iron City of Dis.
You worshipped Okawaru.
Okawaru was extremely pleased with you.
You visited 16 branches of the dungeon, and saw 76 of its levels.
You visited Pandemonium 6 times, and saw 24 of its levels.
You visited the Abyss 2 times.
You also visited: Trove, Ice Cave and Wizlab.

You collected 17408 gold pieces.
You spent 7395 gold pieces at shops.

Inventory:

Hand Weapons
 a - a +9 sacred scourge of holy wrath (weapon)
 b - a +9 eveningstar of flaming
 J - a +2 eveningstar of holy wrath
 V - the +13 sceptre of Asmodeus
   (You took it off Asmodeus in the Arena)

   Fire Summon: It may summon demons of flame and damnation when striking foes.
Missiles
 O - 3 throwing nets
Armour
 j - the +4 helmet of Defiance (worn) {Dex+2}
   (Okawaru gifted it to you on level 1 of Tartarus)

   Dex:       It affects your dexterity (+2).
 m - +7 gold dragon scales
 n - the +9 plate armour of Okawaru's Grace (worn) {rElec rC++ rCorr}
   (Okawaru gifted it to you on level 3 of the Pits of Slime)

   rC:        It greatly protects you from cold.
   rElec:     It insulates you from electricity.
   rCorr:     It protects you from acid and corrosion.
 q - a +2 cloak of poison resistance (worn)
 s - the +3 barding of Keliehab (worn) {Will++}
   (You found it in a treasure trove)

   Will:      It greatly increases your willpower.
 t - a +8 tower shield of reflection (worn)
 v - the +2 tower shield of Laluf {rN+ Slay+3}
   (You took it off Louise on level 3 of the Depths)

   Slay:      It affects your accuracy & damage with ranged weapons and melee
   (+3).
   rN:        It protects you from negative energy.
 M - the +3 pair of gauntlets of War (worn) {Slay+5}
   (Okawaru gifted it to you on level 10 of the Dungeon)

   Slay:      It affects your accuracy & damage with ranged weapons and melee
   (+5).
 P - the +6 barding of Amod {Int+3}
   (Okawaru gifted it to you on level 1 of the Snake Pit)

   Int:       It affects your intelligence (+3).
Jewellery
 l - the ring "Suuppouw" {rF+ Dex+6 Slay+3}
   (You bought it in a shop on level 3 of the Snake Pit)

   [ring of dexterity]

   Dex:       It affects your dexterity (+6).
   Slay:      It affects your accuracy & damage with ranged weapons and melee
   (+3).
   rF:        It protects you from fire.
 w - the ring "Wewnuist" (left hand) {rN+ Str+3 Stlth+}
   (You took it off a vampire knight on level 3 of the Crypt)

   [ring of positive energy]

   Str:       It affects your strength (+3).
   rN:        It protects you from negative energy.
   Stlth:     It makes you more stealthy.
 y - the ring of Sotusath {rC+ Str+4 Stlth+}
   (You found it on level 5 of the Vaults)

   [ring of protection from cold]

   Str:       It affects your strength (+4).
   rC:        It protects you from cold.
   Stlth:     It makes you more stealthy.
 A - the ring "Ogamuxik" {Fly Str+2 Int+4}
   (You found it on level 7 of Tartarus)

   [ring of flight]

   Str:       It affects your strength (+2).
   Int:       It affects your intelligence (+4).
   Fly:       It grants you flight.
 W - the amulet of Osioshruull (around neck) {Reflect *Slow rF+++ Will+ Regen+ SH+5}
   (You took it off a deep elf sorcerer on level 3 of the Elven Halls)

   [amulet of reflection]

   It reflects blocked missile attacks.
   rF:        It renders you almost immune to fire.
   Regen:     It increases your rate of health regeneration.
   *Slow:     It may slow you when you take damage.
   SH:        It affects your SH (+5).
   Will:      It increases your willpower.
 X - the ring "Juthaluc" (right hand) {rF+ rN+ Str+2 SInv Stlth-}
   (You bought it in a shop on level 15 of the Dungeon)

   [ring of positive energy]

   Str:       It affects your strength (+2).
   rF:        It protects you from fire.
   rN:        It protects you from negative energy.
   SInv:      It lets you see invisible.
   Stlth:     It makes you less stealthy.
Wands
 k - a wand of paralysis (52)
 p - a wand of digging (23) (quivered)
 x - a wand of acid (53)
 F - a wand of polymorph (38)
 H - a wand of mindburst (26)
 Z - a wand of roots (74)
Scrolls
 e - 6 scrolls of silence
 f - 12 scrolls of fog
 g - 26 scrolls of teleportation
 z - 9 scrolls of poison
 B - a scroll of magic mapping
 C - 11 scrolls of immolation
 I - 8 scrolls of fear
 K - a scroll of brand weapon
 T - a scroll of blinking
 Y - 3 scrolls of torment
Potions
 c - 9 potions of flight
 d - 4 potions of cancellation
 h - 9 potions of curing
 i - 5 potions of ambrosia
 r - 14 potions of attraction
 u - 3 potions of resistance
 D - 4 potions of mutation
 G - 2 potions of magic
 N - 7 potions of berserk rage
 Q - 16 potions of lignification
 R - 18 potions of haste
 S - 7 potions of invisibility
 U - a potion of might
Miscellaneous
 o - a tin of tremorstones (2/2)
 E - a lightning rod (4/4)


   Skills:
 O Level 27 Fighting
 O Level 27 Maces & Flails
 O Level 27 Armour
 + Level 21.3 Dodging
 O Level 27 Shields
 + Level 20.0 Invocations
 + Level 18.1 Evocations


You had 25 spell levels left.
You knew the following spells:

 Your Spells              Type           Power      Damage    Failure   Level
a - Apportation           Tloc           0%         N/A       65%         1

Your spell library contained the following spells:

 Spells                   Type           Power      Damage    Failure   Level
 Beastly Appendage        Tmut           0%         N/A       65%         1
 Freeze                   Ice            0%         1d3       65%         1
 Kiss of Death            Conj/Necr      0%         2d5       65%         1
 Magic Dart               Conj           0%         1d3       65%         1
 Necrotise                Necr           0%         1d4       65%         1
 Sandblast                Erth           0%         2d4       65%         1
 Shock                    Conj/Air       0%         1d3       65%         1
 Slow                     Hex            0%         N/A       65%         1
 Sting                    Tmut/Pois      0%         1d3       65%         1
 Blink                    Tloc           0%         N/A       80%         2
 Cigotuvi's Dreadful Rot  Necr/Pois/Air  0%         N/A       80%         2
 Ensorcelled Hibernation  Hex/Ice        0%         N/A       80%         2
 Lesser Beckoning         Tloc           0%         N/A       80%         2
 Momentum Strike          Conj/Tloc      0%         3d8       80%         2
 Passwall                 Tmut/Erth      0%         N/A       80%         2
 Poisonous Vapours        Pois/Air       0%         N/A       80%         2
 Scorch                   Fire           0%         2d5       80%         2
 Searing Ray              Conj           0%         2d4       80%         2
 Static Discharge         Conj/Air       0%         2-2/arc   80%         2
 Sublimation of Blood     Necr           0%         N/A       80%         2
 Wereblood                Tmut           0%         N/A       80%         2
 Confusing Touch          Hex            0%         N/A       95%         3
 Dazzling Flash           Conj/Hex       0%         N/A       95%         3
 Frozen Ramparts          Ice            0%         1d1       95%         3
 Gell's Gravitas          Tloc           0%         N/A       95%         3
 Hailstorm                Conj/Ice       0%         3d3       95%         3
 Ignite Poison            Fire/Tmut/Pois 0%         N/A       95%         3
 Inner Flame              Hex/Fire       0%         N/A       95%         3
 Mephitic Cloud           Conj/Pois/Air  0%         N/A       95%         3
 Ozocubu's Armour         Ice            0%         N/A       95%         3
 Portal Projectile        Hex/Tloc       0%         N/A       95%         3
 Spider Form              Tmut/Pois      0%         N/A       95%         3
 Stone Arrow              Conj/Erth      0%         3d7       95%         3
 Swiftness                Air            0%         N/A       95%         3
 Teleport Other           Tloc           0%         N/A       95%         3
 Vampiric Draining        Necr           0%         2d6       95%         3
 Vhi's Electric Charge    Tloc/Air       0%         N/A       95%         3
 Volatile Blastmotes      Fire/Tloc      0%         2d10      95%         3
 Airstrike                Air            0%         2d(0-16)  100%        4
 Anguish                  Hex/Necr       0%         N/A       100%        4
 Cause Fear               Hex            0%         N/A       100%        4
 Dispel Undead            Necr           0%         3d6       100%        4
 Flame Wave               Conj/Fire      0%         2d4       100%        4
 Fulminant Prism          Conj/Hex       0%         3d5       100%        4
 Ice Form                 Ice/Tmut       0%         N/A       100%        4
 Iskenderun's Mystic Bla  Conj/Tloc      0%         2d3       100%        4
 Leda's Liquefaction      Hex/Erth       0%         N/A       100%        4
 Olgreb's Toxic Radiance  Pois           0%         N/A       100%        4
 Passage of Golubria      Tloc           0%         N/A       100%        4
 Petrify                  Tmut/Erth      0%         N/A       100%        4
 Sticky Flame             Conj/Fire      0%         2d3       100%        4
 Agony                    Necr           0%         N/A       100%        5
 Alistair's Intoxication  Tmut/Pois      0%         N/A       100%        5
 Arcjolt                  Conj/Air       0%         1d10      100%        5
 Borgnjor's Vile Clutch   Necr/Erth      0%         N/A       100%        5
 Fireball                 Conj/Fire      0%         3d3       100%        5
 Freezing Cloud           Conj/Ice/Air   0%         6-21      100%        5
 Irradiate                Conj/Tmut      0%         3d11      100%        5
 Iskenderun's Battlesphe  Conj           0%         2d6       100%        5
 Lee's Rapid Deconstruct  Erth           0%         3d4*      100%        5
 Metabolic Englaciation   Hex/Ice        0%         N/A       100%        5
 Silence                  Hex/Air        0%         N/A       100%        5
 Yara's Violent Unravell  Hex/Tmut       0%         3d3       100%        5
 Conjure Ball Lightning   Conj/Air       0%         3x3d6     100%        6
 Dispersal                Tloc           0%         N/A       100%        6
 Plasma Beam              Fire/Air       0%         2x1d11    100%        6
 Starburst                Conj/Fire      0%         6d3       100%        6
 Statue Form              Tmut/Erth      0%         N/A       100%        6
 Dragon Form              Tmut           0%         N/A       100%        7
 Enfeeble                 Hex            0%         N/A       100%        7
 Orb of Destruction       Conj           0%         9d5       100%        7
 Ozocubu's Refrigeration  Ice            0%         4d7       100%        7
 Borgnjor's Revivificati  Necr           0%         N/A       100%        8
 Discord                  Hex            0%         N/A       100%        8
 Disjunction              Tloc           0%         N/A       100%        8
 Ignition                 Fire           0%         3d3       100%        8
 Lehudib's Crystal Spear  Conj/Erth      0%         10d2      100%        8
 Necromutation            Tmut/Necr      0%         N/A       100%        8
 Chain Lightning          Conj/Air       0%         N/A       100%        9
 Death's Door             Necr           0%         N/A       100%        9
 Fire Storm               Conj/Fire      0%         5d1       100%        9
 Summon Small Mammal      Summ           Unusable   N/A       N/A         1
 Call Imp                 Summ           Unusable   N/A       N/A         2
 Tukima's Dance           Hex            Unusable   N/A       N/A         3
 Animate Dead             Necr           Unusable   N/A       N/A         4
 Summon Ice Beast         Ice/Summ       Unusable   N/A       N/A         4
 Summon Lightning Spire   Summ/Air       Unusable   N/A       N/A         4
 Death Channel            Necr           Unusable   N/A       N/A         6
 Simulacrum               Ice/Necr       Unusable   N/A       N/A         6
 Summon Cactus Giant      Summ           Unusable   N/A       N/A         6
 Spellforged Servitor     Conj/Summ      Unusable   N/A       N/A         7
 Summon Hydra             Summ           Unusable   N/A       N/A         7
 Dragon's Call            Summ           Unusable   N/A       N/A         9

Dungeon Overview and Level Annotations

Branches:
Dungeon (15/15)            Temple (1/1) D:6            Lair (5/5) D:11
  Swamp (4/4) Lair:2        Snake (4/4) Lair:2        Slime (5/5) Lair:5
    Orc (2/2) D:10            Elf (3/3) Orc:2        Vaults (5/5) D:13
  Crypt (3/3) Vaults:2       Tomb (0/3) Crypt:3      Depths (4/4) D:15
   Hell (visited)             Dis (5/7) Hell            Geh (7/7) Hell
    Coc (0/7) Hell            Tar (7/7) Hell            Zot (5/5) Depths:4
  IceCv (visited)          WizLab (visited)

Altars:
Ashenzari
Cheibriados
Dithmenos
Elyvilon
Fedhas
Gozag
Hepliaklqana
Kikubaaqudgha
Makhleb
Nemelex Xobeh
Okawaru
Qazlal
Ru
Sif Muna
Trog
Uskayaw
Vehumet
Wu Jian
Xom
Yredelemnul
Zin
The Shining One
Jiyva

Shops:
D:1 :   D:3 *   D:6 *   D:15 =   Orc:1 (   Orc:2 ((![   Elf:1 *   Elf:2 ?
Elf:3 *   Snake:2 [[[**   Snake:3 =:

Portals:
Hell: Depths:1 Depths:2 Depths:3 Depths:4
Abyss: Depths:1 Depths:3 Depths:4
Pandemonium: Depths:2 Depths:4
Ziggurat: Depths:1

Annotations:
Depths:1 exclusions: floating eye, great orb of eyes, shining eye and 1 more exclusion


Innate Abilities, Weirdness & Mutations

You are completely covered in rugged brown scales. (AC +3, +7% HP)
Armour fits poorly on your strangely shaped body.
You have a long armoured tail.
You roll when moving toward enemies. (Rampage)
Your long tongue fully drains potion bottles. (2x potion effects)
Your tongue gives you trouble enunciating. (1.5x scroll delay)
You are frail. (-10% HP)
You passively dampen the noise of your surroundings.


Message History

The iron golem completely misses you. You block the iron golem's attack.
The iron golem hits you but does no damage.
You feel very mighty all of a sudden.
You slurp down every last drop of the potion of might!
You block the war gargoyle's attack. x2; The iron golem closely misses you.
You block the iron golem's attack. The iron golem completely misses you.
The iron golem closely misses you.
Unknown command.
You completely miss the iron golem.
The iron golem is severely damaged.
The war gargoyle hits you with a +0 lajatang!
* * * LOW HITPOINT WARNING * * *
You block the iron golem's attack. x2; The iron golem hits you!!
* * * LOW HITPOINT WARNING * * *
You block the iron golem's attack.
Okay, then.
You feel better.
You slurp down every last drop of the potion of curing!
You block the war gargoyle's attack. x2
The iron golem hits you but does no damage.
You block the iron golem's attack. The iron golem hits you!!
* * * LOW HITPOINT WARNING * * *
You block the iron golem's attack.
You feel better.
You slurp down every last drop of the potion of curing!
You feel yourself speed up. You block the war gargoyle's attack.
You block the iron golem's attack. x2
You block the war gargoyle's attack. The iron golem hits you.
* * * LOW HITPOINT WARNING * * *
The iron golem hits you but does no damage.
You block the iron golem's attack. x2; The iron golem hits you!
* * * LOW HITPOINT WARNING * * *
The iron golem barely misses you.
You feel yourself speed up.
You slurp down every last drop of the potion of haste!
You block the war gargoyle's attack. x2; You block the iron golem's attack.
The iron golem hits you!
* * * LOW HITPOINT WARNING * * *
You block the iron golem's attack. The iron golem hits you!!
You die...

## ...# ####..###
#.............###
#....8...8..9D.[#
#.............#9#
#.............#@#
..8.........8D99#
..............DD#
................#
.......∩.......##
.8......)....8.#
...............#
...............#
..............##


You could see 2 iron golems, 2 iron dragons, a quicksilver dragon and a war
gargoyle.

Vanquished Creatures
  Cerebov (Pan)
  Asmodeus (Arena)
  the Royal Jelly (Slime:5)
  Ereshkigal (Arena)
  Dissolution (Slime:3)
  Gloorx Vloq (Arena)
  the Serpent of Hell (Arena)
  Lom Lobon (Arena)
  A seraph (Arena)
  4 dread liches
  Mnoleg (Arena)
  Khufu (Arena)
  2 ancient liches
  The ghost of Pongem the Conqueror, a legendary MiAK of Lugonu (Zot:1)
  Mara (Elf:3)
  3 orbs of fire
  Mennas (Pan)
  A juggernaut (Depths:3)
  the Lernaean hydra (Swamp:4)
  Boris (Depths:4)
  7 pandemonium lords
  Vv (Depths:2)
  Xtahua (Depths:4)
  Margery (Crypt:1)
  8 Killer Klowns
  Geryon (Arena)
  9 caustic shrikes
  18 golden dragons
  Jory (Vaults:2)
  23 profane servitors
  13 bone dragons
  6 doom hounds
  2 pearl dragons (Pan)
  An iron giant (Dis:4)
  10 Brimstone Fiends
  2 electric golems (Zot:5)
  13 Tzitzimimeh
  Jorgrun (Orc:1)
  18 tentacled monstrosities
  13 hellephants
  25 Orb Guardians (Zot:5)
  10 Hell Sentinels
  3 Ice Fiends (Pan)
  Asterion (Arena)
  A walking divine tome (Depths:4)
  26 tainted leviathans
  2 deep elf blademasters (Elf:3)
  10 quicksilver dragons
  8 liches
  8 death cobs
  16 searing wretches
  2 deep elf master archers (Elf:3)
  5 titans
  A walking frostbound tome (Depths:3)
  10 tentacled starspawn
  An eldritch tentacle (Arena)
  32 Executioners (Pan)
  Gastronok (Lair:2)
  14 shadow dragons
  A thorn hunter (Swamp:2)
  9 sphinxes
  10 storm dragons
  Agnes (Elf:2)
  17 acid blobs
  12 ancient champions
  34 daevas
  17 nagarajas
  17 fire giants
  8 tengu reavers
  16 rockslimes
  5 draconian monks
  3 revenants
  The ghost of ripuliukko the Eclecticist, an adept GrEE of Vehumet (Elf:1)
  10 azure jellies
  11 demonspawn warmongers (Pan)
  4 draconian knights
  11 frost giants
  3 iron dragons
  15 vault wardens
  14 deep elf sorcerers
  6 ghost moths
  Louise (Depths:3)
  46 balrugs
  8 quicksilver elementals
  5 deep elf elementalists
  7 draconian scorchers
  5 curse skulls
  A spectral caustic shrike (Tar:3)
  8 draconian shifters
  An orc warlord (Vaults:3)
  42 angels (Pan)
  A caustic shrike zombie (Crypt:3)
  Aizul (Snake:3)
  24 ironbound preservers
  4 draconian annihilators
  10 ghouls
  The ghost of Tritorn the Earth Mage, a journeyman GrEE of Vehumet (D:13)
  3 draconian stormcallers
  2 spriggan defenders (Depths:3)
  11 quicksilver oozes
  10 demonspawn corrupters
  A juggernaut zombie (Crypt:3)
  5 demonspawn blood saints (Pan)
  18 cacodemons
  25 reapers
  3 ironbound thunderhulks
  21 ophanim (Pan)
  13 war gargoyles
  42 apis (Pan)
  13 stone giants
  29 putrid mouths
  49 very ugly things
  10 green draconians
  17 vampire knights
  2 elemental wellsprings (Depths:2)
  5 eleionomae
  8 black draconians
  7 deep elf demonologists
  Nessos (D:12)
  17 dire elephants
  2 spectral titans
  6 deep elf annihilators
  13 lorocyprocas (Pan)
  8 yellow draconians
  9 white draconians
  8 purple draconians
  10 demonspawn black suns (Pan)
  3 red draconians
  5 bunyips
  15 green deaths
  7 spark wasps
  3 spectral quicksilver dragons
  2 crystal guardians
  10 blizzard demons (Pan)
  6 fire dragons
  9 deep elf death magi
  9 eidola
  A quicksilver dragon zombie (Crypt:3)
  20 ettins
  2 mummy priests (Pan)
  2 shambling mangroves (Swamp:1)
  8 iron golems
  4 entropy weavers
  24 jiangshi
  17 yaktaur captains
  10 deep elf high priests
  2 fenstrider witch zombies
  14 great orbs of eyes
  3 caustic shrike simulacra
  3 spectral spriggans
  20 hydras
  A ghost crab (Swamp:1)
  A spriggan skeleton (Pan)
  23 salamander tyrants
  3 spriggan air magi (Depths:3)
  7 rakshasas
  8 hell beasts
  4 peacekeepers
  Harold (D:10)
  8 ice dragons
  2 merfolk aquamancers
  36 vault guards
  8 ironbound frosthearts
  Erica (D:10)
  7 anacondas
  7 stokers
  12 centaur warriors
  8 ogre magi
  5 death knights
  9 boulder beetles
  31 hell hogs
  22 two-headed ogres
  32 dancing weapons
  8 alligators
  9 deep troll shamans
  A spriggan berserker (Depths:2)
  4 thrashing horrors (Abyss:3)
  19 naga sharpshooters
  2 titan zombies (Hell)
  2 spectral dire elephants
  A spectral stone giant (Tar:1)
  4 tengu warriors
  21 vampire magi
  10 deep troll earth magi
  5 spectral nagas
  18 naga warriors
  7 shock serpents
  Urug (Lair:3)
  16 hell knights
  6 crystal echidnas
  19 deep elf knights
  52 sun demons
  42 soul eaters
  3 orc high priests
  A storm dragon zombie (Crypt:3)
  8 wretched stars (Abyss:3)
  11 iron trolls
  4 skysharks
  71 deep trolls
  31 sixfirhies
  Amaemon (Lair:3)
  A spectral anaconda (Tar:3)
  11 shadow wraiths
  A spark wasp zombie (Hell)
  11 goliath frogs
  13 shadow demons
  40 skeletal warriors
  5 salamander mystics
  3 anaconda zombies
  24 cherubim (Pan)
  12 flayed ghosts
  10 naga ritualists
  Lodul (D:11)
  8 spriggan druids
  5 sea snakes (Snake:4)
  A spectral iron dragon (Tar:1)
  A spriggan simulacrum (Crypt:1)
  5 glowing orange brains
  19 wizards
  6 deep elf archers
  A golden dragon skeleton (Vaults:5)
  2 spectral hydras
  A death drake (Swamp:4)
  A tengu zombie (Hell)
  119 slime creatures
  11 swamp dragons
  12 bog bodies
  A bunyip skeleton (Pan)
  9 harpies
  8 orc knights (Vaults:3)
  20 deep elf pyromancers
  An anaconda skeleton (Hell)
  4 lindwurms
  4 orange crystal statues
  A mana viper (shapeshifter) (Vaults:4)
  2 fire giant zombies (Hell)
  A sphinx zombie (Crypt:2)
  15 ironbound convokers
  17 deep elf zephyrmancers
  11 mana vipers
  3 steelbarb worms (Swamp:3)
  29 phantasmal warriors
  8 worldbinders
  13 necromancers
  2 stone giant zombies
  A shadow dragon skeleton (Vaults:5)
  6 cyclopes
  A frost giant zombie (Hell)
  7 shining eyes
  7 oklob plants
  6 will-o-the-wisps
  A spectral centaur (Tar:2)
  47 ugly things
  31 salamanders
  28 moths of wrath
  2 orc sorcerers
  A moth of wrath (shapeshifter) (WizLab)
  Maurice (D:11)
  A cyclops (shapeshifter) (D:13)
  3 rust devils
  A spectral ettin (Tar:1)
  3 manticores
  8 guardian serpents
  2 water nymphs (shapeshifter)
  20 vault sentinels
  10 elephants
  A naga zombie (Abyss:1)
  Joseph (D:10)
  3 water nymphs
  2 centaur zombies
  43 black mambas
  30 orange demons
  An apocalypse crab (Abyss:2)
  23 cane toads
  A stone giant skeleton (Vaults:5)
  A titan simulacrum (Vaults:5)
  14 molten gargoyles
  11 demonic crawlers
  11 naga magi
  43 large abominations
  62 smoke demons
  12 spectral swamp worms (Tar:7)
  An ice statue (Hell)
  3 eyes of devastation
  3 unseen horrors
  30 yaktaurs
  A centaur skeleton (Pan)
  A gargoyle (D:8)
  25 hellions
  9 ice devils
  3 rime drakes
  A minotaur zombie (Crypt:3)
  4 komodo dragons
  A catoblepas zombie (Crypt:2)
  3 kobold demonologists (D:10)
  A tengu conjurer (D:13)
  15 tormentors
  7 efreet
  2 spriggan zombies (Hell)
  A yaktaur (shapeshifter) (D:14)
  2 dryads (Depths:2)
  7 freezing wraiths
  An anaconda simulacrum (Hell)
  4 ancient zymes
  2 golden dragon simulacra
  A pale draconian skeleton (Crypt:1)
  A queen bee (shapeshifter) (Vaults:4)
  5 silent spectres
  A bloated husk (Swamp:1)
  3 meliai (D:14)
  5 spectral harpies
  A green draconian skeleton (Crypt:1)
  9 trolls
  3 harpy zombies
  37 hellwings (Pan)
  4 red devils
  13 tyrant leeches
  The ghost of TangoThomas the Cutter, an amateur DsGl of Dithmenos (D:5)
  14 hornets
  A death drake skeleton (Crypt:3)
  2 harpy skeletons (Pan)
  The ghost of JPNDWG the Conjurer, an amateur DrCj of Sif Muna (D:6)
  7 raiju
  24 blink frogs
  3 ettin zombies
  An alligator zombie (Hell)
  A hydra skeleton (Hell)
  Prince Ribbit (Lair:3)
  Sigmund (D:6)
  2 black mamba zombies
  2 shadows
  An alligator skeleton (Crypt:1)
  8 water elementals
  3 air elementals (Elf:1)
  A centaur simulacrum (D:13)
  11 flying skulls
  17 wraiths
  An ice dragon skeleton (Pan)
  9 wyverns
  26 ynoxinuls
  A yak (shapeshifter) (D:15)
  66 yaks
  12 spriggans
  6 vampires
  A wind drake zombie (Crypt:1)
  A basilisk (D:13)
  14 golden eyes
  6 fire elementals
  Grum (D:9)
  17 vampire mosquitoes
  3 steam dragons
  26 neqoxecs
  35 chaos spawn
  A sea snake simulacrum (Hell)
  10 redbacks
  2 harpy simulacra
  3 acid dragons
  47 nagas
  A faun zombie (Crypt:1)
  21 swamp worms
  2 wargs
  A glowing shapeshifter zombie (Hell)
  A swamp worm (shapeshifter) (D:13)
  Edmund (D:4)
  5 floating eyes
  4 hell hounds (Hell)
  22 small abominations
  A glowing shapeshifter skeleton (Crypt:2)
  13 water moccasins
  A demonspawn skeleton (Crypt:1)
  9 swamp drakes
  2 ice beasts (D:7)
  A sky beast (D:7)
  17 orc warriors
  2 naga skeletons (Hell)
  2 alligator simulacra
  2 black bears
  An ettin simulacrum (IceCv)
  45 ogres
  8 centaurs
  A snapping turtle skeleton (Crypt:1)
  4 boggarts (Vaults:1)
  17 wolves
  A manticore skeleton (Crypt:2)
  An elf zombie (Elf:1)
  A phantom (D:5)
  An elephant skeleton (Crypt:1)
  3 kobold brigands
  Blork the orc (D:6)
  A gnoll sergeant (D:12)
  2 earth elementals
  3 necrophages
  A cyclops zombie (Crypt:3)
  19 bullfrogs
  6 scorpions
  13 wights
  A water moccasin skeleton (Crypt:1)
  2 lindwurm simulacra (IceCv)
  11 killer bees
  3 electric eels
  3 howler monkeys
  7 lava snakes
  A hound (D:5)
  A quasit (Abyss:2)
  13 jellies
  22 orc priests
  49 starcursed masses
  4 gnoll boudas
  2 iron imps
  2 sleepcaps (D:5)
  2 iguanas
  16 orc wizards
  6 hell rats
  A killer bee zombie (Crypt:3)
  A sky beast zombie (Crypt:2)
  A hound skeleton (Crypt:3)
  3 mummies (Crypt:1)
  16 gnolls
  A steam dragon zombie (Crypt:1)
  7 adders
  A shadow imp (D:8)
  5 white imps
  2 ufetubi (Abyss:3)
  An adder zombie (Crypt:2)
  A worm (D:3)
  5 dart slugs
  51 orcs
  2 bats
  6 endoplasms
  2 giant cockroaches
  7 goblins
  7 hobgoblins
  7 jackals
  18 kobolds
  5 quokkas
  2 training dummies (D:5)
  9 ball pythons
  A frilled lizard (D:2)
  A frilled lizard zombie (Crypt:3)
  3 rats
  A rat skeleton (Crypt:2)
  A rat zombie (D:8)
  2 butterflies (Lair:1)
  3 creeping infernos
  30 fire vortices
  3 starspawn tentacles
4028 creatures vanquished.

Vanquished Creatures (others)
  An eldritch tentacle (Pan)
  A fire giant (Geh:7)
  A deep elf sorcerer (Elf:3)
  A demonspawn blood saint (Pan)
  A deep elf annihilator (Elf:3)
  An alligator (Swamp:4)
  A naga warrior (Snake:3)
  A naga sharpshooter (Snake:4)
  A sixfirhy (Pan)
  A goliath frog (Swamp:3)
  3 wizards
  A tormentor (Pan)
  A spriggan (Swamp:4)
  A chaos spawn (Pan)
  A large abomination (Abyss:3)
  A swamp worm (Swamp:4)
  A gnoll sergeant (D:8)
  A hell rat (Hell)
  An orc wizard (D:10)
  8 creeping infernos
  28 foxfires
  A lurking horror (Abyss:3)
  43 spectral weapons
  14 starspawn tentacles
115 creatures vanquished.

Grand Total: 4143 creatures vanquished

Notes
Turn   | Place    | Note
-------+----------+-------------------------------------------
     0 | D:1      | GreatBamboolord the Armataur Fighter began the quest for
                  | the Orb.
     0 | D:1      | Reached XP level 1. HP: 19/19 MP: 1/1
    87 | D:1      | Reached XP level 2. HP: 23/26 MP: 2/2
   274 | D:1      | Found Xaomirr's Book Emporium.
   476 | D:2      | Reached XP level 3. HP: 33/33 MP: 3/3
   685 | D:2      | Found a faded altar of an unknown god.
   859 | D:2      | Reached XP level 4. HP: 38/40 MP: 4/4
  1440 | D:3      | Found Moty's Assorted Antiques.
  1448 | D:3      | Bought a scroll labelled FAUTO HOCREKADGH for 28 gold
                  | pieces
  1448 | D:3      | Bought 2 red potions for 50 gold pieces
  1858 | D:4      | Identified the +2 robe "Emiramif" {rElec rCorr}
  1902 | D:4      | Noticed a black bear
  1909 | D:4      | Killed a black bear
  1910 | D:4      | Reached XP level 5. HP: 44/49 MP: 5/5
  1941 | D:4      | Found a hide-covered altar of Uskayaw.
  1952 | D:4      | Reached XP level 6. HP: 54/55 MP: 6/6
  2325 | D:4      | HP: 2/56 [ogre/+0 giant club (15)]
  2707 | D:4      | Reached skill level 5 in Armour
  2866 | D:4      | Noticed Edmund
  2875 | D:4      | Killed Edmund
  2876 | D:4      | Reached XP level 7. HP: 50/64 MP: 7/7
  3444 | D:5      | Entered Level 5 of the Dungeon
  3599 | D:5      | Reached skill level 5 in Fighting
  3764 | D:5      | Identified the +0 barding "Culoig" {rC- Int+5}
  3805 | D:5      | Reached skill level 5 in Shields
  3835 | D:5      | Found a runed translucent door.
  3838 | D:5      | Noticed TangoThomas's ghost (amateur DsGl)
  3995 | D:5      | Reached skill level 5 in Maces & Flails
  4139 | D:5      | Reached XP level 8. HP: 73/73 MP: 8/8
  4574 | D:6      | Found Moxkau Gimar's Mayhem Merchandise.
  4588 | D:6      | Noticed Sigmund
  4597 | D:6      | Killed Sigmund
  4654 | D:6      | Noticed a brown ugly thing
  4656 | D:6      | Noticed JPNDWG's ghost (amateur DrCj)
  4660 | D:6      | Found a runed translucent gate.
  4660 | D:6      | Found a runed translucent gate.
  4660 | D:6      | Found a runed translucent gate.
  4826 | D:6      | Noticed a two-headed ogre
  4843 | D:6      | Killed a two-headed ogre
  4844 | D:6      | Reached XP level 9. HP: 83/83 MP: 7/9
  5195 | D:6      | Found a staircase to the Ecumenical Temple.
  5261 | Temple   | Entered the Ecumenical Temple
  5269 | Temple   | Became a worshipper of Warmaster Okawaru
  5733 | D:6      | Noticed Blork the orc
  5740 | D:6      | Killed Blork the orc
  5741 | D:6      | Reached skill level 1 in Invocations
  6264 | D:7      | Reached * piety under Okawaru
  7000 | D:8      | Found an ancient bone altar of Kikubaaqudgha.
  7045 | D:8      | Identified the +0 ring mail of Dogmatism {+Blink rElec
                  | Will++ Str-2}
  7236 | D:8      | Noticed a two-headed ogre
  7254 | D:8      | Killed a two-headed ogre
  7254 | D:8      | Reached ** piety under Okawaru
  7255 | D:8      | Reached XP level 10. HP: 40/94 MP: 6/11
  7544 | D:8      | Found a basalt altar of Yredelemnul.
  7916 | D:8      | Noticed a two-headed ogre
  7933 | D:8      | Killed a two-headed ogre
  8151 | D:8      | Reached *** piety under Okawaru
  8158 | D:8      | Noticed a two-headed ogre
  8174 | D:8      | Killed a two-headed ogre
  8397 | D:8      | Reached XP level 11. HP: 85/103 MP: 12/14
  8457 | D:8      | Noticed a five-headed hydra
  8457 | D:8      | Found the +0 pair of fencer's gloves {Riposte Dex+3}
  8457 | D:8      | Noticed a skeletal warrior
  8458 | D:8      | Noticed a boulder beetle
  8475 | D:8      | Killed a skeletal warrior
  8475 | D:8      | Reached **** piety under Okawaru
  8479 | D:8      | Killed a five-headed hydra
  8499 | D:8      | Killed a boulder beetle
  8976 | D:9      | Reached skill level 5 in Invocations
  9429 | D:9      | Noticed Grum
  9447 | D:9      | Killed Grum
  9447 | D:9      | Reached ***** piety under Okawaru
  9453 | D:9      | Reached skill level 10 in Fighting
 10109 | D:10     | Entered Level 10 of the Dungeon
 10150 | D:10     | Noticed Harold
 10167 | D:10     | Reached skill level 10 in Maces & Flails
 10180 | D:10     | Noticed Joseph
 10185 | D:10     | Killed Harold
 10185 | D:10     | Received a gift from Okawaru
 10185 | D:10     | Found the +3 pair of gauntlets of War {Slay+5}
 10204 | D:10     | Killed Joseph
 10429 | D:10     | Reached skill level 10 in Armour
 10435 | D:10     | Noticed Erica
 10449 | D:10     | Reached XP level 12. HP: 71/114 MP: 12/16
 10456 | D:10     | Killed Erica
 10611 | D:10     | Found a staircase to the Orcish Mines.
 10628 | D:10     | Noticed a two-headed ogre
 10636 | D:10     | Killed a two-headed ogre
 10723 | D:10     | Found a glowing silver altar of Zin.
 11097 | D:11     | Noticed a boulder beetle
 11181 | D:11     | Killed a boulder beetle
 11255 | D:11     | Found a staircase to the Lair.
 11787 | D:11     | Noticed Lodul
 11811 | D:11     | Killed Lodul
 12117 | D:11     | Noticed Maurice
 12126 | D:11     | Killed Maurice
 12260 | D:11     | Received a gift from Okawaru
 12319 | Lair:1   | Entered Level 1 of the Lair of Beasts
 12336 | Lair:1   | Reached skill level 10 in Shields
 12852 | Lair:1   | You fall into a shaft and drop 1 floor!
 12857 | Lair:2   | Reached XP level 13. HP: 122/124 MP: 16/18
 12955 | Lair:2   | Noticed Gastronok
 12967 | Lair:2   | Killed Gastronok
 13009 | Lair:2   | Found a staircase to the Swamp.
 13219 | Lair:2   | Reached ****** piety under Okawaru
 13350 | Lair:2   | Found a staircase to the Snake Pit.
 13929 | D:3      | Bought a tubular ivory ring for 140 gold pieces
 13929 | D:3      | Bought a potion of might for 112 gold pieces
 13929 | D:3      | Bought a transparent plate armour for 784 gold pieces
 13929 | D:3      | Identified the +0 plate armour of the Planets {Str+8 Dex+4
                  | Slay-3} (You bought it in a shop on level 3 of the Dungeon)
 14165 | Lair:3   | Noticed Prince Ribbit
 14167 | Lair:3   | Killed Prince Ribbit
 14243 | Lair:3   | Noticed Amaemon
 14254 | Lair:3   | Killed Amaemon
 14350 | Lair:3   | Received a gift from Okawaru
 14756 | Lair:3   | Identified the +2 hand axe of the Eye-covered God {vamp,
                  | Stlth+}
 14802 | Lair:3   | Noticed Urug
 14813 | Lair:3   | Killed Urug
 15802 | Lair:4   | Reached XP level 14. HP: 135/135 MP: 20/20
 16300 | Lair:5   | Entered Level 5 of the Lair of Beasts
 16334 | Lair:5   | Identified the +9 mace "Aguzop" {venom, rC+ Int+4 Dex-5
                  | SInv} (Okawaru gifted it to you on level 5 of the Lair of
                  | Beasts)
 16334 | Lair:5   | Received a gift from Okawaru
 16720 | Lair:5   | Found a viscous altar of Jiyva.
 16724 | Lair:5   | Found a staircase to the Slime Pits.
 17045 | Lair:5   | Identified the scarf "Syimyoh" {+Inv, Int+2} (Okawaru
                  | gifted it to you on level 5 of the Lair of Beasts)
 17045 | Lair:5   | Received a gift from Okawaru
 17798 | Orc:1    | Entered Level 1 of the Orcish Mines
 18210 | Orc:1    | Found Boicsive's Antique Weapon Shop.
 18231 | Orc:1    | Noticed Jorgrun
 18264 | Orc:1    | Killed Jorgrun
 18550 | Orc:2    | Entered Level 2 of the Orcish Mines
 18629 | Orc:2    | Found a staircase to the Elven Halls.
 19276 | Orc:2    | Reached XP level 15. HP: 146/146 MP: 21/21
 19308 | Orc:2    | Paralysed by an ogre mage for 4 turns
 19313 | Orc:2    | Identified the +0 pair of gloves of Wasted Space {rF+ rC-
                  | Dex+3} (Okawaru gifted it to you on level 2 of the Orcish
                  | Mines)
 19313 | Orc:2    | Received a gift from Okawaru
 19366 | Arena    | Entered the Arena
 19556 | Orc:2    | Found Kutolek's Antique Armour Boutique.
 19556 | Orc:2    | Found Muxzet's Distillery.
 19559 | Orc:2    | Found Yli Emut's Weapon Shoppe.
 19559 | Orc:2    | Found Men Doit's Antique Weapon Shop.
 19567 | Orc:2    | Bought a potion of lignification for 48 gold pieces
 19567 | Orc:2    | Bought a potion of might for 64 gold pieces
 19567 | Orc:2    | Bought a potion of haste for 160 gold pieces
 19567 | Orc:2    | Bought a potion of heal wounds for 80 gold pieces
 19567 | Orc:2    | Bought 2 potions of haste for 320 gold pieces
 19567 | Orc:2    | Bought a potion of lignification for 48 gold pieces
 20306 | D:12     | Noticed Nessos
 20317 | D:12     | Killed Nessos
 20808 | D:13     | Found a gate to the Vaults.
 21010 | D:13     | You fall into a shaft and drop 2 floors!
 21010 | D:15     | Entered Level 15 of the Dungeon
 21859 | D:13     | Found a runed translucent door.
 21861 | D:13     | Found a runed translucent door.
 21862 | D:13     | Noticed a lich
 21863 | D:13     | Noticed Tritorn's ghost (journeyman GrEE)
 22075 | D:13     | Reached skill level 1 in Dodging
 22777 | D:14     | Reached skill level 10 in Invocations
 22787 | D:14     | Identified the +0 morningstar "Wots" {protect, Drain rF+++
                  | Str+3 Stlth+} (Okawaru gifted it to you on level 14 of the
                  | Dungeon)
 22787 | D:14     | Received a gift from Okawaru
 23064 | D:14     | Found a faded altar of an unknown god.
 23253 | D:14     | Found a hazy altar of Hepliaklqana.
 23417 | Snake:1  | Entered Level 1 of the Snake Pit
 24578 | Snake:1  | Reached XP level 16. HP: 134/157 MP: 23/23
 24589 | Snake:1  | Identified the +6 barding of Amod {Int+3} (Okawaru gifted
                  | it to you on level 1 of the Snake Pit)
 24589 | Snake:1  | Received a gift from Okawaru
 25484 | Snake:2  | Noticed Asterion
 25494 | Arena    | Entered the Arena
 25510 | Arena    | Killed Asterion
 25832 | Snake:2  | Reached skill level 15 in Fighting
 25833 | Arena    | Entered the Arena
 25866 | Snake:2  | Found Vuhaeng's Antique Armour Shop.
 26077 | Snake:2  | Found Muenyi's General Store.
 26077 | Snake:2  | Found Kityqir's Antique Armour Shop.
 26082 | Snake:2  | Found Xalydad's Antique Armour Boutique.
 26098 | Snake:2  | Bought a glowing cloak for 277 gold pieces
 26632 | Snake:2  | Found Xogaob's CLEARANCE SALE!.
 26892 | Snake:3  | Reached skill level 15 in Maces & Flails
 27104 | Snake:3  | Reached skill level 15 in Armour
 27454 | Snake:3  | Identified the +1 plate armour of the Okapi {+Blink rF- rN+
                  | Int+3} (Okawaru gifted it to you on level 3 of the Snake
                  | Pit)
 27454 | Snake:3  | Received a gift from Okawaru
 27469 | Snake:3  | Found Koikkec's Jewellery Shoppe.
 27518 | Snake:3  | Got the Notes on the Curse
 27561 | Snake:3  | Found Quodemm's Book Shop.
 27588 | Snake:3  | Noticed Aizul
 27608 | Snake:3  | Killed Aizul
 28902 | Snake:4  | Entered Level 4 of the Snake Pit
 28948 | Snake:4  | Reached XP level 17. HP: 138/166 MP: 22/25
 28968 | Snake:3  | Received a gift from Okawaru
 30425 | Snake:4  | Got a serpentine rune of Zot
 31553 | Snake:4  | Received a gift from Okawaru
 31581 | Arena    | Entered the Arena
 32101 | Snake:3  | Bought the ring of Mynesual {rPois rC+ Int-5 Dex+6} for 655
                  | gold pieces
 32189 | Swamp:1  | Entered Level 1 of the Swamp
 32204 | Swamp:1  | Identified the +6 morningstar of the Wheel {freeze, Str+2
                  | Int+2 Stlth+}
 32344 | Swamp:1  | Identified the +2 long sword "Mute" {heavy, rF+ rCorr
                  | Int+3}
 32678 | Swamp:1  | Received a gift from Okawaru
 33242 | Swamp:2  | Reached XP level 18. HP: 166/166 MP: 26/26
 33410 | Swamp:2  | Identified the +9 morningstar of Hyoxill {heavy, Will+
                  | Str+3 Int-2} (Okawaru gifted it to you on level 2 of the
                  | Swamp)
 33410 | Swamp:2  | Received a gift from Okawaru
 33921 | Swamp:2  | Reached skill level 5 in Dodging
 34179 | Swamp:3  | Identified a scroll of acquirement
 34207 | Swamp:3  | Acquired 886 gold pieces
 34345 | Snake:3  | Bought the amulet of Rufoggya {Spirit Will++} for 765 gold
                  | pieces
 34627 | Swamp:3  | Identified the +5 arbalest of the Heavens {freeze, Int+6}
 34738 | Swamp:3  | Identified the +9 dagger "Wioreow" {drain, *Noise rPois
                  | Int+2}
 34834 | Swamp:3  | Identified the +1 robe of Resilience {rElec Int+4} (Okawaru
                  | gifted it to you on level 3 of the Swamp)
 34834 | Swamp:3  | Received a gift from Okawaru
 35249 | Swamp:4  | Entered Level 4 of the Swamp
 35299 | Swamp:4  | Found a frozen archway.
 35303 | IceCv    | Entered an ice cave
 35383 | IceCv    | Found a transporter.
 35393 | IceCv    | Found a transporter.
 35636 | IceCv    | Got the Anthology of Chthonic Maleficia
 36755 | Swamp:4  | Noticed the 27-headed Lernaean hydra
 36770 | Swamp:4  | Killed the 27-headed Lernaean hydra
 36867 | Swamp:4  | Received a gift from Okawaru
 36943 | Swamp:4  | Got a decaying rune of Zot
 37396 | D:15     | Found a sparkling altar of Nemelex Xobeh.
 37447 | D:15     | Found Obbet's Jewellery Shoppe.
 37478 | D:15     | Found a staircase to the Depths.
 38049 | D:5      | Killed TangoThomas's ghost
 38129 | D:6      | Killed JPNDWG's ghost
 38342 | D:13     | Killed a lich
 38354 | D:13     | Killed Tritorn's ghost
 38439 | Vaults:1 | Entered Level 1 of the Vaults
 38467 | Vaults:1 | Reached XP level 19. HP: 189/189 MP: 28/28
 38579 | D:15     | Bought the ring "Juthaluc" {rF+ rN+ Str+2 SInv Stlth-} for
                  | 697 gold pieces
 38699 | Vaults:1 | Identified the +0 scale mail of Kanoivel {Will+ Int+2}
                  | (Okawaru gifted it to you on level 1 of the Vaults)
 38699 | Vaults:1 | Received a gift from Okawaru
 38839 | Vaults:1 | Reached skill level 15 in Shields
 40389 | Vaults:2 | Noticed Jory
 40395 | Vaults:2 | Found a staircase to the Crypt.
 40566 | Vaults:2 | Received a gift from Okawaru
 40985 | Vaults:2 | Identified the +0 chain mail of Generosity {Str+4} (Okawaru
                  | gifted it to you on level 2 of the Vaults)
 40985 | Vaults:2 | Received a gift from Okawaru
 41169 | Vaults:2 | Killed Jory
 41674 | Vaults:3 | Reached XP level 20. HP: 116/200 MP: 19/29
 42415 | Vaults:3 | Received a gift from Okawaru
 43038 | Vaults:4 | Found a portal to a secret trove of treasure.
 43082 | Vaults:4 | Received a gift from Okawaru
 45002 | Depths:1 | Entered Level 1 of the Depths
 45035 | Arena    | Entered the Arena
 45055 | Depths:1 | HP: 6/202 [deep troll (19)]
 45056 | Depths:1 | Reached XP level 21. HP: 6/208 MP: 1/31
 45095 | Arena    | Entered the Arena
 45389 | Depths:1 | Found a gateway to Hell.
 45402 | Depths:1 | Found a one-way gateway to a ziggurat.
 45410 | Depths:1 | Found a magical portal.
 45419 | WizLab   | Entered Alistair's Party Mansion
 45467 | WizLab   | Identified the +3 ring mail "Kohu" {Regen+ Int+5} (Okawaru
                  | gifted it to you in a wizard's laboratory)
 45467 | WizLab   | Received a gift from Okawaru
 45761 | WizLab   | Got the Monograph on Transforming Toxins
 46350 | Arena    | Entered the Arena
 46474 | WizLab   | Acquired 383 gold pieces
 46570 | WizLab   | Learned a level 1 spell: Apportation
 46626 | WizLab   | Gained mutation: You expend magic power (3 MP) to
                  | strengthen your wands. [mutagenic glow]
 46955 | Depths:1 | Paralysed by a floating eye for 4 turns
 47078 | Depths:1 | Paralysed by a floating eye for 2 turns
 47645 | Depths:1 | Found a one-way gate to the infinite horrors of the Abyss.
 47918 | Snake:3  | Bought the ring "Suuppouw" {rF+ Dex+6 Slay+3} for 939 gold
                  | pieces
 48562 | Depths:2 | Noticed Vv
 48591 | Depths:2 | Killed Vv
 48591 | Depths:2 | Identified the +3 barding of Pride {+Blink rElec rF- Str+6}
                  | (Okawaru gifted it to you on level 2 of the Depths)
 48591 | Depths:2 | Received a gift from Okawaru
 48913 | Depths:2 | Found a shadowy altar of Dithmenos.
 48914 | Depths:2 | Found a one-way gate leading to the halls of Pandemonium.
 50188 | Depths:3 | Identified the +2 tower shield of Laluf {rN+ Slay+3}
 50188 | Depths:3 | Noticed Louise
 50208 | Depths:3 | Killed Louise
 50369 | Depths:3 | Reached XP level 22. HP: 168/217 MP: 27/32
 50655 | Depths:3 | Found a transporter.
 50660 | Depths:3 | Noticed a caustic shrike
 50669 | Depths:3 | Killed a caustic shrike
 50935 | Depths:3 | Found a transporter.
 50937 | Depths:3 | Found a transporter.
 51097 | Depths:3 | Paralysed by a floating eye for 4 turns
 51117 | Depths:3 | Paralysed by a floating eye for 2 turns
 51127 | Depths:3 | Paralysed by a floating eye for 2 turns
 51243 | Depths:3 | Noticed a juggernaut
 51254 | Depths:3 | Killed a juggernaut
 51566 | Depths:3 | Identified the +4 trident of Nuoweje {heavy, Dex+2}
 51683 | Depths:3 | Found a transporter.
 51927 | Depths:4 | Entered Level 4 of the Depths
 51929 | Depths:4 | Found a shimmering blue altar of Sif Muna.
 51955 | Depths:4 | Noticed a caustic shrike
 51955 | Depths:4 | Noticed a caustic shrike
 51955 | Depths:4 | Noticed a caustic shrike
 51955 | Depths:4 | Noticed a caustic shrike
 51966 | Depths:4 | Killed a caustic shrike
 51966 | Depths:4 | Identified the +3 mace of the Hurtling Genius {flame, *Rage
                  | rF- rN+++ Dex+4} (Okawaru gifted it to you on level 4 of
                  | the Depths)
 51966 | Depths:4 | Received a gift from Okawaru
 51978 | Depths:4 | Killed a caustic shrike
 51982 | Depths:4 | Killed a caustic shrike
 51986 | Depths:4 | Killed a caustic shrike
 53235 | Depths:4 | Noticed Xtahua
 53247 | Depths:4 | Killed Xtahua
 53694 | Depths:4 | Noticed Boris
 53706 | Depths:4 | Killed Boris
 53706 | Depths:4 | Received a gift from Okawaru
 53706 | Depths:4 | Found the +10 morningstar "Eos" {elec, Halo rElec}
 54150 | Depths:4 | Found a gate to the Realm of Zot.
 54150 | Depths:4 | Noticed a golden dragon
 54157 | Depths:4 | Killed a golden dragon
 54791 | Elf:1    | Entered Level 1 of the Elven Halls
 54901 | Elf:1    | Found a runed translucent door.
 54903 | Elf:1    | Noticed ripuliukko's ghost (adept GrEE)
 54917 | Elf:1    | Reached skill level 1 in Evocations
 55111 | Elf:1    | Paralysed by an air elemental for 1 turns
 55318 | Elf:1    | Found Meimoat's Assorted Antiques.
 55393 | Elf:1    | Reached XP level 23. HP: 219/230 MP: 32/34
 55431 | Elf:1    | Got the Octavo of Diablerie
 55563 | Elf:1    | Paralysed by an air elemental for 1 turns
 55940 | Elf:2    | Identified the +11 halberd of Innocence {flame, +Blink
                  | Will+ rCorr}
 56109 | Elf:2    | Found Yfaakec's Magic Scroll Emporium.
 56116 | Elf:2    | Bought a scroll of enchant armour for 135 gold pieces
 56116 | Elf:2    | Bought a scroll of enchant weapon for 135 gold pieces
 56116 | Elf:2    | Bought a scroll of enchant weapon for 135 gold pieces
 56116 | Elf:2    | Bought a scroll of teleportation for 54 gold pieces
 56274 | Elf:2    | Noticed Agnes
 56279 | Elf:2    | Killed Agnes
 56343 | Elf:2    | Found a runed translucent gate.
 56344 | Elf:2    | Found a runed translucent gate.
 56344 | Elf:2    | Found a runed translucent gate.
 56772 | Elf:1    | Bought a potion of might for 164 gold pieces
 56772 | Elf:1    | Bought 2 potions of curing for 246 gold pieces
 56772 | Elf:1    | Bought a scroll of teleportation for 123 gold pieces
 56796 | Elf:3    | Entered Level 3 of the Elven Halls
 56862 | Elf:3    | Found a radiant altar of Vehumet.
 56963 | Elf:3    | Found Batoo's Assorted Antiques.
 57038 | Elf:3    | Noticed Mara
 57042 | Elf:3    | Noticed GreatBamboolord's illusion
 57048 | Elf:3    | Killed Mara
 57094 | Elf:3    | Received a gift from Okawaru
 57271 | Elf:3    | Identified the amulet of Osioshruull {Reflect *Slow rF+++
                  | Will+ Regen+ SH+5}
 57603 | Elf:3    | Got Kuizoyf's Compilation of Dislocation and the Curse
 57606 | Elf:3    | Identified the +3 scimitar of Gymavice {freeze, *Noise
                  | rC++}
 57613 | Elf:3    | Identified the ring "Xigoubb" {rF+ Str-3 Int+3 Slay+3}
 57861 | Elf:1    | Bought a fine plate armour for 1148 gold pieces
 57861 | Elf:1    | Identified the +0 plate armour of Xoynag {rCorr Str+5
                  | Int-5} (You bought it in a shop on level 1 of the Elven
                  | Halls)
 58068 | Slime:1  | Entered Level 1 of the Pits of Slime
 58562 | Slime:3  | Identified the +9 plate armour of Okawaru's Grace {rElec
                  | rC++ rCorr} (Okawaru gifted it to you on level 3 of the
                  | Pits of Slime)
 58562 | Slime:3  | Received a gift from Okawaru
 58605 | Slime:3  | Gained mutation: You occasionally shout uncontrollably at
                  | your foes. [a shining eye]
 58607 | Slime:3  | Gained mutation: You occasionally lose the ability to read
                  | scrolls when taking damage. [a shining eye]
 58762 | Slime:2  | Noticed Dissolution
 58997 | Slime:4  | Gained mutation: You are clumsy. (Dex -2) [a shining eye]
 59117 | Slime:4  | Gained mutation: You sometimes lose your temper in combat.
                  | [a shining eye]
 59119 | Slime:4  | Gained mutation: Your spells are a little easier to cast,
                  | but a little less powerful. [a shining eye]
 59122 | Slime:4  | Gained mutation: Your natural rate of healing is unusually
                  | fast. [a shining eye]
 59362 | Slime:3  | Gained mutation: You frequently scream uncontrollably at
                  | your foes. [a shining eye]
 59442 | Slime:3  | Gained mutation: Your body sometimes deteriorates upon
                  | taking damage. [a shining eye]
 59446 | Slime:3  | Gained mutation: You are vulnerable to heat. (rF-) [a
                  | shining eye]
 59576 | Slime:5  | Entered Level 5 of the Pits of Slime
 59617 | Slime:5  | Noticed the Royal Jelly
 59759 | Slime:4  | Lost mutation: You sometimes lose your temper in combat.
                  | [potion of mutation]
 59759 | Slime:4  | Lost mutation: Your natural rate of healing is unusually
                  | fast. [potion of mutation]
 59759 | Slime:4  | Lost mutation: You frequently scream uncontrollably at your
                  | foes. [potion of mutation]
 59759 | Slime:4  | Lost mutation: Your spells are a little easier to cast, but
                  | a little less powerful. [potion of mutation]
 59759 | Slime:4  | Lost mutation: You expend magic power (3 MP) to strengthen
                  | your wands. [potion of mutation]
 59759 | Slime:4  | Lost mutation: You are vulnerable to heat. (rF-) [potion of
                  | mutation]
 59759 | Slime:4  | Gained mutation: You are weak. (Str -2) [potion of
                  | mutation]
 59759 | Slime:4  | Lost mutation: You are clumsy. (Dex -2) [potion of
                  | mutation]
 59759 | Slime:4  | Gained mutation: Your magical capacity is low. (-10% MP)
                  | [potion of mutation]
 59759 | Slime:4  | Gained mutation: You have sharp fingernails. [potion of
                  | mutation]
 59759 | Slime:4  | Gained mutation: Your flesh is cold resistant. (rC+)
                  | [potion of mutation]
 59760 | Slime:4  | Lost mutation: You occasionally lose the ability to read
                  | scrolls when taking damage. [potion of mutation]
 59760 | Slime:4  | Lost mutation: Your body sometimes deteriorates upon taking
                  | damage. [potion of mutation]
 59760 | Slime:4  | Lost mutation: You are weak. (Str -2) [potion of mutation]
 59760 | Slime:4  | Lost mutation: Your magical capacity is low. (-10% MP)
                  | [potion of mutation]
 59760 | Slime:4  | Gained mutation: You have large cloven feet. [potion of
                  | mutation]
 59760 | Slime:4  | Gained mutation: You have hidden genetic defects. [potion
                  | of mutation]
 59760 | Slime:4  | Gained mutation: You are frail. (-10% HP) [potion of
                  | mutation]
 59760 | Slime:4  | Lost mutation: Your flesh is cold resistant. (rC+) [potion
                  | of mutation]
 59760 | Slime:4  | Gained mutation: You are dopey. (Int -2) [potion of
                  | mutation]
 59760 | Slime:4  | Lost mutation: You have sharp fingernails. [potion of
                  | mutation]
 59760 | Slime:4  | Gained mutation: Your spells are a little harder to cast,
                  | but a little more powerful. [potion of mutation]
 59761 | Slime:4  | Lost mutation: You are frail. (-10% HP) [potion of
                  | mutation]
 59761 | Slime:4  | Lost mutation: You occasionally shout uncontrollably at
                  | your foes. [potion of mutation]
 59761 | Slime:4  | Lost mutation: You have hidden genetic defects. [potion of
                  | mutation]
 59761 | Slime:4  | Lost mutation: You have large cloven feet. [potion of
                  | mutation]
 59761 | Slime:4  | Lost mutation: Your spells are a little harder to cast, but
                  | a little more powerful. [potion of mutation]
 59761 | Slime:4  | Lost mutation: You are dopey. (Int -2) [potion of mutation]
 59761 | Slime:4  | Gained mutation: You have large cloven feet. [potion of
                  | mutation]
 59761 | Slime:4  | Gained mutation: You are clumsy. (Dex -2) [potion of
                  | mutation]
 59761 | Slime:4  | Gained mutation: You expend magic power (3 MP) to
                  | strengthen your wands. [potion of mutation]
 59878 | Slime:5  | Gained mutation: You are frail. (-10% HP) [a shining eye]
 60087 | Slime:5  | Killed the Royal Jelly
 60126 | Arena    | Entered the Arena
 60349 | Slime:5  | Paralysed by a great orb of eyes for 5 turns
 60534 | Slime:5  | Identified the +1 long sword "Kuisus" {holy, rCorr Int-5
                  | Dex+3}
 60536 | Slime:5  | Got a slimy rune of Zot
 60543 | Slime:5  | Identified the ring of Jealousy {Fire rPois rN+ Str+3}
 60560 | Slime:5  | Identified the +0 chain mail "Hicin" {Will+ Dex+2}
 61198 | Slime:3  | Reached XP level 24. HP: 221/221 MP: 34/34
 61200 | Slime:3  | Received a gift from Okawaru
 61540 | Slime:3  | Reached skill level 5 in Evocations
 61836 | Slime:3  | Killed Dissolution
 62655 | Vaults:4 | You showed the slimy rune of Zot to enter a treasure trove
 62656 | Trove    | Entered a treasure trove
 62661 | Trove    | Identified the +0 helmet of the Ward {Drain Will+ rCorr}
 62662 | Trove    | Identified the +1 barding of Tiwosk {rPois rC+ MP+9}
 62663 | Trove    | Identified the +4 tower shield of Numivofu {Rampage *Slow
                  | Dex+4}
 62669 | Trove    | Identified the +1 kite shield "Jigebrem" {*Corrode rC+
                  | Dex+3}
 62670 | Trove    | Identified the +1 cloak "Itzeifin" {Int+4}
 62671 | Trove    | Identified the +1 pair of gloves "Deot" {*Slow rCorr Int+7
                  | SInv}
 62672 | Trove    | Identified the +3 barding of Keliehab {Will++}
 62673 | Trove    | Identified the +2 pair of gloves "Riacotu" {rCorr}
 62675 | Trove    | Identified the +0 barding of the Screaming Xeniums {rF+}
 62678 | Trove    | Identified the +3 scale mail of Anaesthesia {*Slow Fly
                  | rElec rC++ Stlth-}
 62682 | Trove    | Identified the +0 ring mail "Lianic" {rPois Dex+3}
 63285 | Crypt:1  | Entered Level 1 of the Crypt
 63642 | Crypt:1  | Noticed Margery
 63670 | Crypt:1  | Killed Margery
 64142 | Crypt:1  | Noticed Khufu
 64145 | Arena    | Entered the Arena
 64152 | Arena    | Killed Khufu
 65025 | Crypt:2  | Received a gift from Okawaru
 65121 | Crypt:3  | Entered Level 3 of the Crypt
 65253 | Crypt:3  | Found a basalt altar of Yredelemnul.
 65641 | Crypt:3  | Found a staircase to the Tomb.
 65993 | Crypt:3  | Identified the ring "Wewnuist" {rN+ Str+3 Stlth+}
 66013 | Crypt:3  | Received a gift from Okawaru
 66065 | Crypt:3  | Reached XP level 25. HP: 232/232 MP: 34/34
 66109 | Crypt:3  | Identified the ring of Yzagus {rN+ MP+9}
 66945 | Hell     | Entered the Vestibule of Hell
 66946 | Hell     | Noticed Geryon
 67214 | Arena    | Entered the Arena
 67220 | Arena    | Killed Geryon
 67492 | Hell     | Received a gift from Okawaru
 67621 | Hell     | Reached skill level 10 in Dodging
 67717 | Hell     | Found a gateway to the decaying netherworld of Tartarus.
 67866 | Hell     | Found a gateway to the ashen valley of Gehenna.
 67999 | Hell     | Found a gateway to the freezing wastes of Cocytus.
 68196 | Hell     | Found a gateway to the Iron City of Dis.
 68465 | Vaults:5 | Entered Level 5 of the Vaults
 68562 | Arena    | Entered the Arena
 68581 | Arena    | Entered the Arena
 68826 | Vaults:5 | Noticed an ancient lich
 68998 | Vaults:4 | Killed an ancient lich
 68998 | Vaults:4 | Received a gift from Okawaru
 69070 | Vaults:5 | Reached XP level 26. HP: 125/243 MP: 34/34
 69253 | Vaults:5 | Gained mutation: Your spells are a little easier to cast,
                  | but a little less powerful. [a neqoxec]
 69461 | Vaults:5 | Received a gift from Okawaru
 69970 | Vaults:5 | Identified the +1 plate armour of Immorality {Regen+ rCorr
                  | Int+6}
 70090 | Vaults:5 | Found the +3 giant club "Skullcrusher" {speed, Str+7}
 70119 | Vaults:5 | Identified the staff of conjuration "Neodatiph" {*Slow
                  | rC+++ rN+ SInv}
 70120 | Vaults:5 | Identified the staff of earth "Vusy" {+Blink Str+3}
 70204 | Vaults:5 | Got a silver rune of Zot
 70216 | Vaults:5 | Identified the +2 spear "Zacacrol" {heavy, rCorr Str+3}
 70535 | Vaults:5 | Identified the ring of Sotusath {rC+ Str+4 Stlth+}
 70802 | Dis:1    | Entered Level 1 of the Iron City of Dis
 71052 | Arena    | Entered the Arena
 71883 | Depths:1 | Voluntarily entered the Abyss.
 72048 | Abyss:2  | Found a corrupted altar of Lugonu.
 72100 | Abyss:2  | Found a corrupted altar of Lugonu.
 72505 | Abyss:3  | Got an abyssal rune of Zot
 72694 | Abyss:3  | Found a corrupted altar of Lugonu.
 72843 | Abyss:3  | Found a shimmering altar of Xom.
 72843 | Abyss:3  | Found a shimmering altar of Xom.
 72844 | Abyss:3  | Found a shimmering altar of Xom.
 72845 | Abyss:3  | Found a corrupted altar of Lugonu.
 72845 | Abyss:3  | Found a shimmering altar of Xom.
 72846 | Abyss:3  | Found a shimmering altar of Xom.
 72846 | Abyss:3  | Found a shimmering altar of Xom.
 72846 | Abyss:3  | Found a shimmering altar of Xom.
 72846 | Abyss:3  | Found a shimmering altar of Xom.
 72847 | Abyss:3  | Found a shimmering altar of Xom.
 72849 | Abyss:3  | Found a shimmering altar of Xom.
 72849 | Abyss:3  | Found a shimmering altar of Xom.
 72849 | Abyss:3  | Found a shimmering altar of Xom.
 72850 | Abyss:3  | Found a shimmering altar of Xom.
 72850 | Abyss:3  | Found a shimmering altar of Xom.
 72850 | Abyss:3  | Found a shimmering altar of Xom.
 72850 | Abyss:3  | Found a shimmering altar of Xom.
 72850 | Abyss:3  | Found a corrupted altar of Lugonu.
 72896 | Abyss:3  | Found a shimmering altar of Xom.
 72896 | Abyss:3  | Found a shimmering altar of Xom.
 72901 | Abyss:3  | Found a corrupted altar of Lugonu.
 72902 | Abyss:3  | Found a shimmering altar of Xom.
 72903 | Abyss:3  | Found a shimmering altar of Xom.
 72903 | Abyss:3  | Found a shimmering altar of Xom.
 72921 | Abyss:3  | Found a shimmering altar of Xom.
 72922 | Abyss:3  | Found a shimmering altar of Xom.
 72923 | Abyss:3  | Found a shimmering altar of Xom.
 72947 | Abyss:3  | Found a shimmering altar of Xom.
 72947 | Abyss:3  | Found a shimmering altar of Xom.
 72947 | Abyss:3  | Found a shimmering altar of Xom.
 72947 | Abyss:3  | Found a shimmering altar of Xom.
 72947 | Abyss:3  | Found a shimmering altar of Xom.
 72949 | Abyss:3  | Found a shimmering altar of Xom.
 72995 | Abyss:3  | Found a corrupted altar of Lugonu.
 73057 | Abyss:3  | Reached skill level 10 in Evocations
 73248 | Abyss:3  | Reached XP level 27. HP: 247/253 MP: 34/34
 73297 | Abyss:3  | Received a gift from Okawaru
 73355 | Abyss:3  | Found a corrupted altar of Lugonu.
 73406 | Depths:1 | Escaped the Abyss
 73559 | Zot:1    | Entered Level 1 of the Realm of Zot
 73696 | Zot:1    | Found a runed translucent door.
 73697 | Zot:1    | Noticed Pongem's ghost (legendary MiAK)
 73777 | Zot:1    | Got Sif Muna's Annotations on Formation and Hail
 74400 | Zot:1    | Killed Pongem's ghost
 74401 | Zot:1    | Reached skill level 27 in Armour
 74402 | Zot:1    | Identified the +9 demon whip of Karma {flame, rF+++ rC-
                  | rCorr Str-2}
 74900 | Zot:2    | Noticed an orb of fire
 74902 | Zot:2    | Noticed a dread lich
 74908 | Zot:2    | Killed an orb of fire
 74919 | Zot:2    | Killed a dread lich
 75079 | Zot:2    | Received a gift from Okawaru
 76454 | Zot:4    | Identified the scarf of the Black Moon {harm, rN+ Slay+3}
                  | (Okawaru gifted it to you on level 4 of the Realm of Zot)
 76454 | Zot:4    | Received a gift from Okawaru
 77594 | Elf:1    | Killed ripuliukko's ghost
 77599 | Elf:1    | Identified the +5 ring mail "Ineritad" {rPois Str+3 Int-4}
 78439 | Pan      | Entered Pandemonium
 78518 | Pan      | Reached skill level 15 in Invocations
 79363 | Arena    | Entered the Arena
 79568 | Pan      | Received a gift from Okawaru
 79614 | Pan      | Found a white marble altar of Elyvilon.
 79987 | Pan      | Found a glowing silver altar of Zin.
 80591 | Pan      | Identified the +4 hand crossbow of the Establishment
                  | {flame, Str+5 Int+4}
 80767 | Pan      | Noticed a seraph
 80768 | Arena    | Entered the Arena
 80787 | Arena    | Killed a seraph
 80818 | Pan      | Identified the +0 scale mail of Subjectivity {rPois Int+5}
 80836 | Pan      | Found a glowing golden altar of the Shining One.
 80847 | Pan      | Got a demonic rune of Zot
 80925 | Pan      | Identified the staff of conjuration "Ydoetan" {rPois rC+
                  | rN+ Int+4}
 81425 | Pan      | Received a gift from Okawaru
 83671 | Pan      | Glimpsed the power of Zot.
 83753 | Depths:2 | Escaped Pandemonium
 83755 | Pan      | Entered Pandemonium
 84461 | Pan      | Noticed Cawemech the pandemonium lord
 84466 | Arena    | Entered the Arena
 84476 | Arena    | Killed Cawemech the pandemonium lord
 84558 | Depths:2 | Escaped Pandemonium
 84568 | Pan      | Entered Pandemonium
 85239 | Pan      | Found Zuis's Infernal Boutique.
 85239 | Pan      | Found an opulent altar of Gozag.
 85280 | Pan      | Received a gift from Okawaru
 85286 | Pan      | Noticed Zuis the pandemonium lord
 85293 | Pan      | Killed Zuis the pandemonium lord
 85364 | Pan      | Noticed a dread lich
 85366 | Arena    | Entered the Arena
 85370 | Arena    | Killed a dread lich
 85398 | Pan      | Noticed a dread lich
 85415 | Pan      | Killed a dread lich
 85460 | Pan      | Found Zuis's Superb Hardware.
 85474 | Pan      | Found an opulent altar of Gozag.
 85509 | Pan      | Found an opulent altar of Gozag.
 85511 | Pan      | Identified the +3 chain mail of Pride {rPois rC+ Str+3}
                  | (Okawaru gifted it to you in Pandemonium)
 85511 | Pan      | Received a gift from Okawaru
 85512 | Pan      | Found Zuis's Rarities Supply.
 85592 | Pan      | Found Zuis's Assorted Sundries.
 85600 | Pan      | Bought a potion of heal wounds for 55 gold pieces
 85600 | Pan      | Bought a scroll of teleportation for 33 gold pieces
 86230 | Depths:2 | Escaped Pandemonium
 86232 | Pan      | Entered Pandemonium
 86398 | Pan      | Found a runed translucent door.
 86403 | Pan      | Found a runed translucent door.
 86407 | Pan      | Found a runed translucent door.
 86409 | Pan      | Noticed Cavvah the pandemonium lord
 86414 | Pan      | Found a runed translucent door.
 86417 | Pan      | Killed Cavvah the pandemonium lord
 86634 | Pan      | Found an exit through the horrors of the Abyss.
 87044 | Pan      | Gained mutation: Your body sometimes deteriorates upon
                  | taking damage. [a neqoxec]
 87052 | Pan      | Lost mutation: Your body sometimes deteriorates upon taking
                  | damage. [potion of mutation]
 87052 | Pan      | Lost mutation: You expend magic power (3 MP) to strengthen
                  | your wands. [potion of mutation]
 87052 | Pan      | Lost mutation: You are frail. (-10% HP) [potion of
                  | mutation]
 87052 | Pan      | Lost mutation: Your spells are a little easier to cast, but
                  | a little less powerful. [potion of mutation]
 87052 | Pan      | Gained mutation: Your tail ends in a venomous barb. [potion
                  | of mutation]
 87052 | Pan      | Gained mutation: You are very clumsy. (Dex -4) [potion of
                  | mutation]
 87052 | Pan      | Gained mutation: You are partially covered in iridescent
                  | scales. (AC +2) [potion of mutation]
 87052 | Pan      | Lost mutation: You are very clumsy. (Dex -4) [potion of
                  | mutation]
 87052 | Pan      | Lost mutation: You are clumsy. (Dex -2) [potion of
                  | mutation]
 87137 | Pan      | Reached skill level 27 in Fighting
 87177 | Pan      | Noticed Boj Nury the pandemonium lord
 87414 | Pan      | Noticed Mestod the pandemonium lord
 87429 | Pan      | Killed Mestod the pandemonium lord
 87441 | Pan      | Entered the realm of Gloorx Vloq.
 88131 | Pan      | Noticed Gloorx Vloq
 88134 | Arena    | Entered the Arena
 88142 | Arena    | Killed Gloorx Vloq
 88317 | Pan      | Got a dark rune of Zot
 88478 | Pan      | Received a gift from Okawaru
 88501 | Pan      | Noticed Liep the pandemonium lord
 88502 | Arena    | Entered the Arena
 88510 | Arena    | Killed Liep the pandemonium lord
 88672 | Pan      | Gained mutation: You are weak. (Str -2) [a cacodemon]
 89046 | Pan      | Identified the staff of conjuration "Memiw" {rC- Str+2
                  | Int-3 Dex+6}
 89085 | Depths:2 | Escaped Pandemonium
 89314 | Zot:5    | Entered Level 5 of the Realm of Zot
 89466 | Zot:5    | Reached skill level 27 in Maces & Flails
 89903 | Zot:5    | Noticed an orb of fire
 89916 | Zot:5    | Gained mutation: Your spells are a little easier to cast,
                  | but a little less powerful. [an orb of fire]
 89922 | Zot:5    | Killed an orb of fire
 89924 | Zot:5    | Gained mutation: You occasionally lose the ability to drink
                  | potions when taking damage. [mutagenic glow]
 89943 | Zot:5    | Gained mutation: You occasionally shout uncontrollably at
                  | your foes. [mutagenic glow]
 89946 | Zot:5    | Identified the +1 great mace of Ravage {freeze, +Blink rC+}
                  | (Okawaru gifted it to you on level 5 of the Realm of Zot)
 89946 | Zot:5    | Received a gift from Okawaru
 89953 | Zot:5    | Gained mutation: You are dopey. (Int -2) [mutagenic glow]
 89991 | Zot:5    | Reached skill level 15 in Dodging
 90216 | Zot:5    | Noticed an orb of fire
 90226 | Zot:5    | Gained mutation: Your body sometimes deteriorates upon
                  | taking damage. [an orb of fire]
 90228 | Zot:5    | Gained mutation: You occasionally lose the ability to read
                  | scrolls when taking damage. [an orb of fire]
 90238 | Zot:5    | Killed an orb of fire
 90261 | Zot:5    | Noticed a dread lich
 90267 | Arena    | Entered the Arena
 90295 | Arena    | Lost mutation: You have large cloven feet. [potion of
                  | mutation]
 90295 | Arena    | Lost mutation: You are weak. (Str -2) [potion of mutation]
 90295 | Arena    | Lost mutation: You occasionally lose the ability to read
                  | scrolls when taking damage. [potion of mutation]
 90295 | Arena    | Lost mutation: You occasionally lose the ability to drink
                  | potions when taking damage. [potion of mutation]
 90295 | Arena    | Gained mutation: You are clumsy. (Dex -2) [potion of
                  | mutation]
 90295 | Arena    | Lost mutation: You are dopey. (Int -2) [potion of mutation]
 90295 | Arena    | Gained mutation: You are strong-willed. (Will+) [potion of
                  | mutation]
 90318 | Zot:5    | Killed a dread lich
 90408 | Zot:5    | Identified the ring "Xomacis" {rN+ Dex+2 SInv}
 90636 | Zot:5    | Identified the +4 flail "Qynoopp" {flame, Str+2 Int+3
                  | Dex+4} (Okawaru gifted it to you on level 5 of the Realm of
                  | Zot)
 90636 | Zot:5    | Received a gift from Okawaru
 90799 | Zot:5    | Lost mutation: You are clumsy. (Dex -2) [potion of
                  | mutation]
 90799 | Zot:5    | Lost mutation: Your tail ends in a venomous barb. [potion
                  | of mutation]
 90799 | Zot:5    | Lost mutation: You occasionally shout uncontrollably at
                  | your foes. [potion of mutation]
 90799 | Zot:5    | Lost mutation: You are strong-willed. (Will+) [potion of
                  | mutation]
 90799 | Zot:5    | Gained mutation: You have large cloven feet. [potion of
                  | mutation]
 90799 | Zot:5    | Gained mutation: Your muscles are strong. (Str +4, Int/Dex
                  | -1) [potion of mutation]
 91195 | Pan      | Entered Pandemonium
 91298 | Depths:2 | Escaped Pandemonium
 91300 | Pan      | Entered Pandemonium
 91316 | Pan      | Found an exit through the horrors of the Abyss.
 91878 | Pan      | Gained mutation: You are frail. (-10% HP) [a cacodemon]
 91917 | Pan      | Received a gift from Okawaru
 92131 | Pan      | Noticed Vyverih the pandemonium lord
 92151 | Pan      | Killed Vyverih the pandemonium lord
 92344 | Pan      | Entered the realm of Cerebov.
 92587 | Pan      | Found an exit through the horrors of the Abyss.
 93415 | Pan      | Found the +6 sword of Cerebov {flame}
 93415 | Pan      | Noticed Cerebov
 93490 | Pan      | Identified the staff of earth "Torioch" {*Slow rN++ Int-2
                  | Dex+8}
 93588 | Pan      | Killed Cerebov
 93596 | Pan      | Identified the +6 mace of Disinuw {flame, rC+}
 93598 | Pan      | Got the Tome of the Tropics and Intoxication
 93600 | Pan      | Got the Folio of the Locust
 93658 | Pan      | Identified the +8 trident of Discord {freeze, Will+ Int-5
                  | Stlth+}
 93692 | Pan      | Identified the +2 leather armour "Hexuotus" {rF+ rN+ Dex-5}
 93752 | Pan      | Identified the +5 quarterstaff of Plunder {heavy, rC+++
                  | Str+3 Int-5 SInv}
 93829 | Pan      | Got a fiery rune of Zot
 93893 | Pan      | Entered the realm of Mnoleg.
 94035 | Pan      | Gained mutation: You occasionally lose the ability to drink
                  | potions when taking damage. [a neqoxec]
 94053 | Pan      | Lost mutation: Your muscles are strong. (Str +4, Int/Dex
                  | -1) [potion of mutation]
 94053 | Pan      | Lost mutation: Your body sometimes deteriorates upon taking
                  | damage. [potion of mutation]
 94053 | Pan      | Lost mutation: Your spells are a little easier to cast, but
                  | a little less powerful. [potion of mutation]
 94053 | Pan      | Lost mutation: You are partially covered in iridescent
                  | scales. (AC +2) [potion of mutation]
 94053 | Pan      | Lost mutation: You occasionally lose the ability to drink
                  | potions when taking damage. [potion of mutation]
 94053 | Pan      | Lost mutation: You have large cloven feet. [potion of
                  | mutation]
 94053 | Pan      | Lost mutation: You are frail. (-10% HP) [potion of
                  | mutation]
 94053 | Pan      | Gained mutation: You have hidden genetic potential. [potion
                  | of mutation]
 94053 | Pan      | Gained mutation: You expend magic power (3 MP) to
                  | strengthen your wands. [potion of mutation]
 94057 | Pan      | Noticed Mnoleg
 94061 | Arena    | Entered the Arena
 94070 | Arena    | Killed Mnoleg
 94137 | Pan      | Gained mutation: You are clumsy. (Dex -2) [a neqoxec]
 94250 | Pan      | Gained mutation: You sometimes lose your temper in combat.
                  | [a neqoxec]
 94254 | Pan      | Gained mutation: You occasionally shout uncontrollably at
                  | your foes. [a cacodemon]
 94254 | Pan      | Lost mutation: You have hidden genetic potential. [a
                  | neqoxec]
 94256 | Pan      | Gained mutation: Your magical capacity is low. (-10% MP) [a
                  | cacodemon]
 94288 | Pan      | Identified the +8 great mace of Qazlal's Whim {freeze,
                  | *Rage rPois rN+ rCorr}
 94332 | Pan      | Gained mutation: You are dopey. (Int -2) [a neqoxec]
 94368 | Pan      | Got a glowing rune of Zot
 94405 | Pan      | Lost mutation: Your magical capacity is low. (-10% MP)
                  | [potion of mutation]
 94405 | Pan      | Lost mutation: You occasionally shout uncontrollably at
                  | your foes. [potion of mutation]
 94405 | Pan      | Lost mutation: You expend magic power (3 MP) to strengthen
                  | your wands. [potion of mutation]
 94405 | Pan      | Lost mutation: You are clumsy. (Dex -2) [potion of
                  | mutation]
 94405 | Pan      | Gained mutation: Your spells are a little easier to cast,
                  | but a little less powerful. [potion of mutation]
 94405 | Pan      | Gained mutation: Your magical capacity is low. (-10% MP)
                  | [potion of mutation]
 94405 | Pan      | Lost mutation: Your magical capacity is low. (-10% MP)
                  | [potion of mutation]
 94405 | Pan      | Gained mutation: Your spells are easier to cast, but less
                  | powerful. [potion of mutation]
 94405 | Pan      | Gained mutation: Your muscles are strong. (Str +4, Int/Dex
                  | -1) [potion of mutation]
 94405 | Pan      | Gained mutation: Your tail ends in a venomous barb. [potion
                  | of mutation]
 94405 | Pan      | Gained mutation: Your skin changes colour to match your
                  | surroundings (Stealth+). [potion of mutation]
 94406 | Pan      | Lost mutation: Your skin changes colour to match your
                  | surroundings (Stealth+). [potion of mutation]
 94406 | Pan      | Lost mutation: Your tail ends in a venomous barb. [potion
                  | of mutation]
 94406 | Pan      | Lost mutation: Your spells are easier to cast, but less
                  | powerful. [potion of mutation]
 94406 | Pan      | Lost mutation: Your spells are a little easier to cast, but
                  | a little less powerful. [potion of mutation]
 94406 | Pan      | Lost mutation: Your muscles are strong. (Str +4, Int/Dex
                  | -1) [potion of mutation]
 94406 | Pan      | Lost mutation: You sometimes lose your temper in combat.
                  | [potion of mutation]
 94406 | Pan      | Lost mutation: You are dopey. (Int -2) [potion of mutation]
 94406 | Pan      | Gained mutation: You are frail. (-10% HP) [potion of
                  | mutation]
 94406 | Pan      | Gained mutation: You passively dampen the noise of your
                  | surroundings. [potion of mutation]
 94408 | Pan      | Found an exit through the horrors of the Abyss.
 94420 | Pan      | Received a gift from Okawaru
 94476 | Pan      | Reached skill level 27 in Shields
 94485 | Pan      | Got Zuili's Grimoire of Conjury
 94753 | Pan      | Entered the realm of Lom Lobon.
 94935 | Pan      | Noticed Mennas
 94952 | Pan      | Killed Mennas
 95641 | Pan      | Noticed Lom Lobon
 95642 | Arena    | Entered the Arena
 95660 | Arena    | Killed Lom Lobon
 95694 | Pan      | Got a magical rune of Zot
 95969 | Pan      | Identified the +2 ring mail "Qitacheu" {Will+}
 96059 | Pan      | Noticed Boixtom the pandemonium lord
 96069 | Pan      | Killed Boixtom the pandemonium lord
 96157 | Pan      | Found an exit through the horrors of the Abyss.
 96299 | Pan      | Took an exit into the Abyss.
 96299 | Abyss:3  | Escaped into the Abyss
 96313 | Depths:2 | Escaped the Abyss
 96607 | Tar:1    | Entered Level 1 of Tartarus
 96757 | Tar:1    | Identified the +4 helmet of Defiance {Dex+2} (Okawaru
                  | gifted it to you on level 1 of Tartarus)
 96757 | Tar:1    | Received a gift from Okawaru
 98858 | Tar:7    | Entered Level 7 of Tartarus
 99402 | Tar:7    | Received a gift from Okawaru
100535 | Tar:7    | Identified the ring "Ogamuxik" {Fly Str+2 Int+4}
100910 | Tar:7    | Reached skill level 15 in Evocations
101281 | Tar:7    | Identified the ring "Cuihee" {MP+9 Int+3 Dex-2 SInv}
101479 | Tar:7    | Noticed Ereshkigal
101480 | Arena    | Entered the Arena
101498 | Arena    | Killed Ereshkigal
101522 | Tar:7    | Received a gift from Okawaru
101735 | Tar:7    | Identified the +5 war axe of Neherph {spect, Dex+2}
101741 | Tar:7    | Got a bone rune of Zot
101745 | Tar:7    | Identified the staff of cold "Buipri Weox" {Fly rC+ rN+}
101747 | Tar:7    | Identified the staff of air "Sifruhep" {rElec Str+3}
102347 | Geh:1    | Entered Level 1 of Gehenna
103214 | Geh:3    | Received a gift from Okawaru
104155 | Geh:6    | Noticed an ancient lich
104162 | Geh:6    | Killed an ancient lich
104420 | Geh:7    | Entered Level 7 of Gehenna
104684 | Geh:7    | Noticed the Serpent of Hell
104690 | Arena    | Entered the Arena
104701 | Arena    | Killed the Serpent of Hell
105121 | Geh:7    | Received a gift from Okawaru
105484 | Arena    | Entered the Arena
105520 | Geh:7    | Identified the +10 halberd of the Final Decision {protect,
                  | +Blink rN+ Int+2}
105768 | Geh:7    | Found the +13 sceptre of Asmodeus
105768 | Geh:7    | Noticed Asmodeus
105769 | Arena    | Entered the Arena
105779 | Arena    | Killed Asmodeus
105798 | Geh:7    | Identified the orb of Baldness {light, rF- Dex+9 SInv
                  | Stlth-}
105799 | Geh:7    | Identified the staff of cold "Owken" {rElec rC+}
105807 | Geh:7    | Got an obsidian rune of Zot
106991 | Dis:5    | Slain by an iron golem

Illustrated notes

Levels and vault maps discovered:
D:1:      spicycebolla_green_bress_n_ham, layout_rooms, serial_shops,
          nicolae_shop_behind_doors
D:2:      layout_loops_ring, ebering_ecumenical_altar_ruins
D:3:      layout_loops_ring, serial_shops, shop
D:4:      minmay_angry_zag, layout_basic, eat_drink_and_be_merry_uskayaw,
          kennysheep_small_spiral, uniq_edmund
D:5:      dreamdust_elfheim, layout_layer_cave, ebering_ghost_sewer_d,
          minivault_14, nicolae_elevator_lobby_asterisk
D:6:      layout_basic, minmay_temple_entry_nine_rooms, gammafunk_ghost_split,
          minmay_shop_mayhem, uniq_sigmund, uniq_blork_the_orc
D:7:      layout_basic
D:8:      minmay_the_grid_triangle_9x9_rhombus_full
          [minmay_the_grid_triangle_9x9_swiss_cheese,
          minmay_the_grid_triangle_9x9_from_above,
          minmay_the_grid_triangle_9x9_limited_checkers,
          minmay_the_grid_triangle_9x9_sparse_checkered,
          minmay_the_grid_triangle_9x9_checkered,
          minmay_the_grid_triangle_9x9_steps,
          minmay_the_grid_triangle_9x9_skeleton,
          minmay_the_grid_triangle_9x9_prize_insulated], layout_basic,
          old_standard_altar, lemuel_zombie_altar_kikubaaqudgha
D:9:      layout_loops_corners, uniq_grum
D:10:     layout_loops_ring, nicolae_overflow_crystal_walls, uniq_erica,
          uniq_harold, uniq_joseph
D:11:     layout_rooms, dpeg_oklobed_lair, uniq_lodul, uniq_maurice
D:12:     layout_basic, serial_curves, eino_curves_03, eino_curves_03,
          uniq_nessos
D:13:     layout_gridville, erik_vaults_2, muffindrake_ghost_dual_entry
D:14:     layout_big_octagon, solitary_fountain,
          beargit_hepliaklqana_dungeon_heroes
D:15:     grunt_enter_depths_hoard, layout_basic, serial_shops, shop,
          nemelex_spade_bored_becter, serial_rivers,
          chequers_serial_rivers_small_3, chequers_serial_rivers_micro_e,
          chequers_serial_rivers_micro_c, chequers_serial_rivers_micro_a,
          chequers_serial_rivers_small_a
Temple:   nicolae_temple_no_exploring_needed
Lair:1:   layout_roguey, minivault_23, lemuel_fruit_fields, lemuel_fruit_tree,
          uniq_fannar
Lair:2:   layout_hall_layers, minmay_swamp_entry_reptiles,
          guppyfry_snake_entry_island, grunt_megastairs_4, serial_bayou_shore_b,
          uniq_gastronok
Lair:3:   layout_roguey, lemuel_fruit_fields, grunt_megastairs_5,
          uniq_prince_ribbit2, uniq_urug, uniq_amaemon
Lair:4:   layout_hall_layers, dpeg_oklob_1, serial_bayou_shore_a
Lair:5:   minmay_lair_end_frog_pond, layout_concentric_octagons, slime_entry_1
Swamp:1:  layout_basic_swamp, evilmike_swamp_ruin_rubble_1, swamp_pool2
Swamp:2:  layout_basic_swamp, evilmike_swamp_ruin_house_1, swamp_pool2,
          grunt_hermit_hut
Swamp:3:  layout_basic_swamp, evilmike_swamp_ruin_house_6, swamp_pool1,
          nicolae_swamp_vermiculated
Swamp:4:  swamp_old_school, layout_basic_swamp, portal_ice_cave_entry_pillars_1,
          infiniplex_staircase_pool
Snake:1:  layout_layer_cave, grunt_megastairs_3, serial_bayou_shore_b,
          nicolae_triple_integral
Snake:2:  layout_onion_interference, drop_trap, nicolae_shop_clearance,
          minmay_shoptagon, uniq_asterion
Snake:3:  layout_basic, serial_shops, shop, minmay_shop_grid_forest,
          nicolae_snake_salamander_fort, uniq_aizul
Snake:4:  grunt_snake_rune_spirals, layout_onion_interference,
          nicolae_snake_snake_lake, nicolae_snake_flat_spine
Slime:1:  nicolae_slime_jelly_donut, layout_caves
Slime:2:  layout_caves, uniq_dissolution
Slime:3:  layout_caves, special_room [special_room_jelly]
Slime:4:  layout_caves, nicolae_slime_phagocytosis
Slime:5
Orc:1:    layout_caves, serial_shops, shop, david_defended_altar_orc,
          uniq_jorgrun
Orc:2:    st_orc_ogre_mass, layout_caves, mines4_lemuel
Elf:1:    minmay_elf_arrival_summoners, layout_geoelf_grid,
          ebering_ghost_inner_flame, serial_shops, nicolae_take_the_stairs,
          minmay_elf_necromancy, minmay_misc_feat_columns,
          serial_sigils_hangedman_quiver, minivault_16, drop_trap,
          feat_on_display
Elf:2:    nicolae_elf_blades_crystal_corner, layout_loops_corners, serial_shops,
          nicolae_shop_peninsula, minivault_20, minivault_27, uniq_louise,
          uniq_agnes
Elf:3:    minmay_elf_hall_spiked, layout_geoelf_grid, basic_altar,
          minmay_shop_star, uniq_mara
Vaults:1: nicolae_vaults_ellipses_ellipsis, vaults_room_fancy_cross,
          nicolae_vaults_offset_grid_hallway_3, nicolae_vaults_mitosis,
          v_misc_16, nicolae_vaults_diamond_1, nicolae_vaults_surprise_closet,
          grunt_vaults_twisty, vaults_dpeg_diagonal,
          nicolae_vaults_sesquioval_fish, nicolae_vaults_big_angled_halls,
          vaults_mumra_minichess_inversion, ontoclasm_vaults_pinch,
          vaults_mumra_lcd, nicolae_vaults_trapezoid_2, layout_vaults_omnicross
Vaults:2: nicolae_vaults_frosty_reception, vaults_dpeg_cross,
          nicolae_vaults_cochlea, v_misc_23, minmay_crypt_entry_simple_sparse,
          hangedman_vaults_impose, nicolae_vaults_quadrants,
          nicolae_vaults_house_1, nicolae_vaults_circle_grid_a,
          hangedman_vaults_nails, layout_vaults_ring, uniq_jory
Vaults:3: hangedman_vaults_restitches, vaults_room_semicircle,
          nicolae_vaults_windows_and_doors_thing, special_room_vaults
          [special_room_orc], nicolae_vaults_mini_display_case,
          hangedman_vaults_maws, nicolae_vaults_surprise_closet,
          nicolae_vaults_steering_wheel, nicolae_vaults_tetromino_Z_1,
          nicolae_vaults_double_plus_3, ontoclasm_vaults_ligature,
          nicolae_vaults_house_2, layout_vaults_maze
Vaults:4: nicolae_vaults_meiosis, v_rooms_4, ontoclasm_vaults_shout,
          v_pattern_5, v_misc_10, v_misc_1, dpeg_vaults_monster_row,
          nicolae_vaults_trapezoid_lopsided_1, nicolae_vaults_shelves_hall,
          layout_vaults_chaotic_city, enter_trove_1
Vaults:5: serial_shops
Crypt:1:  layout_misc_corridors, grunt_megastairs_2, uniq_khufu, uniq_margery,
          uniq_grunn
Crypt:2:  layout_regular_city
Crypt:3:  church_of_pain_bobbens, layout_chaotic_city,
          tomb_entry_forgotten_bobbens, feat_on_display
Depths:1: layout_gridlike, enter_ziggurat_c, mu_enter_wizlab_6,
          chequers_serial_rivers_marsh, hell_entry,
          abyss_entry_small_statue_room, dpeg_stationary_puzzle
Depths:2: nicolae_terramorphic_expanse [nicolae_terramorphic_quarter,
          nicolae_terramorphic_quarter, nicolae_terramorphic_quarter,
          nicolae_terramorphic_quarter, nicolae_terramorphic_quarter,
          nicolae_terramorphic_biome, nicolae_terramorphic_biome,
          nicolae_terramorphic_biome, nicolae_terramorphic_biome],
          layout_honeycomb, hangedman_tar_grid_catacomb,
          nicolae_dithmenos_through_a_glass_darkly, pan_entry,
          hangedman_decor_lopped, uniq_vv
Depths:3: evilmike_diamond_1, layout_small_grid,
          nicolae_abyss_entry_one_way_or_another, serial_sigils_hangedman_gut,
          pf_coc_iceberg, nicolae_diode_intersection, serial_bayou_shore_b,
          infiniplex_staircase_zigzag_2
Depths:4: grunt_bruiser_brothers, layout_honeycomb, hellmouth_1,
          nicolae_sif_muna_condensation, rand_demon_pan_entry_1,
          abyss_entry_glasseish, uniq_boris, uniq_xtahua
Hell
Dis:1:    layout_overlapping_boxes
Dis:2:    nicolae_hells_demon_pit, layout_jigsaw
Dis:3:    layout_regular_city
Dis:4:    layout_subdivisions
Dis:5:    layout_subdivisions, nicolae_dis_metal_dragon_surprise
Geh:1:    layout_gehenna_pools_triple, nicolae_hells_seeping_fissure
Geh:2:    layout_gehenna_lava_caves, nicolae_geh_gnashing_of_teeth
Geh:3:    layout_gehenna_pools_triple
Geh:4:    layout_gehenna_pools_triple
Geh:5:    layout_gehenna_pools_triple
Geh:6:    layout_gehenna_pools_basic
Geh:7:    geh_grunt_pentagon
Tar:1:    layout_catacombs, nicolae_tar_cuneiform_two, nicolae_tar_grid_combs
Tar:2:    layout_grid_maze
Tar:3:    layout_honeycomb
Tar:4:    layout_catacombs, nicolae_tar_honey_rotating
Tar:5:    layout_grid_maze
Tar:6:    layout_honeycomb
Tar:7:    tar_minmay_river
Zot:1:    kennysheep_spiral_hall, layout_cathedral_of_symmetry,
          gammafunk_ghost_grave
Zot:2:    grunt_deathspiral_small, layout_onion_interference,
          hangedman_hellfire_club
Zot:3:    layout_basic
Zot:4:    layout_twisted_circle, zot_minivault_5
Zot:5:    layout_basic

Skill      XL: |  1  2  3  4  5  6  7  8  9 10 11 12 13 14 15 16 17 18 19 20 21 22 23 24 25 26 27 |
---------------+----------------------------------------------------------------------------------+-----
Maces & Flails | 2 3 4 5 6 7 8 10 11 12 13 14 15 16 17 18 19 20 21 22 23 27 | 27.0
Fighting       | 3 4 5 6 8 9 10 11 12 13 14 15 16 17 18 19 20 21 22 23 24 27 | 27.0
Armour         | 4 5 6 7 8 10 11 12 13 14 15 17 18 19 20 21 22 23 24 25 26 27 | 27.0
Shields        | 4 5 6 7 8 9 10 11 12 13 14 15 16 17 18 19 20 27 | 27.0
Invocations    | 2 4 5 7 8 9 10 11 12 13 14 20 | 20.0
Dodging        | 1 3 4 5 6 7 8 9 10 11 21 | 21.3
Evocations     | 1 4 7 8 10 18 | 18.1

Action                     |  1- 3 |  4- 6 |  7- 9 | 10-12 | 13-15 | 16-18 | 19-21 | 22-24 | 25-27 || total
---------------------------+-------+-------+-------+-------+-------+-------+-------+-------+-------++-------
  Melee: Flail             |   108 |   134 |   310 |   629 |  1119 |       |       |       |       ||  2300
         Tailslap          |    11 |    22 |    49 |   120 |   242 |   375 |   405 |   502 |  1400 ||  3126
         Morningstar       |       |       |       |       |   145 |  1119 |       |   839 |       ||  2103
         Eveningstar       |       |       |       |       |       |   624 |  1722 |  1044 |  2664 ||  6054
         Kick              |       |       |       |       |       |       |       |   451 |  1749 ||  2200
         Sacred scourge    |       |       |       |       |       |       |       |       |  3254 ||  3254
  Throw: Throwing net      |       |       |       |     2 |       |       |       |       |       ||     2
   Cast: Apportation       |       |       |       |       |       |       |    10 |       |       ||    10
 Invoke: Heroism           |       |       |       |     2 |     1 |     5 |     2 |     2 |       ||    12
         Duel              |       |       |       |       |     1 |     3 |     3 |     2 |    17 ||    26
         Finesse           |       |       |       |       |       |     4 |     2 |     3 |    10 ||    19
  Evoke: Lightning rod     |       |       |       |     1 |       |       |     2 |       |     2 ||     5
         Wand              |       |       |       |       |       |       |       |       |     4 ||     4
    Use: Scroll            |       |     1 |    11 |    11 |     7 |    16 |     8 |    12 |    43 ||   109
         Potion            |       |     2 |     2 |     4 |     2 |    12 |     4 |    23 |    45 ||    94
   Stab: Sleeping          |       |       |     1 |       |       |       |     1 |       |       ||     2
         Confused          |       |       |       |       |       |     1 |     1 |       |       ||     2
         Distracted        |       |       |       |       |       |       |       |       |    25 ||    25
 Armour: Scale mail        |    69 |    32 |       |       |       |       |       |       |       ||   101
         Robe              |       |    23 |   153 |     1 |     3 |       |       |       |       ||   180
         Skin              |       |       |    28 |       |     2 |       |    24 |       |       ||    54
         Chain mail        |       |       |     7 |   352 |   800 |  1009 |   625 |   177 |       ||  2970
         Fire dragon scale |       |       |       |       |       |       |       |   129 |       ||   129
         Plate armour      |       |       |       |       |       |       |       |   807 |  2178 ||  2985
  Dodge: Dodged            |    42 |    62 |   101 |    71 |   176 |   220 |   247 |   366 |   729 ||  2014
  Block: Buckler           |    24 |    26 |    61 |    21 |       |       |       |       |       ||   132
         Kite shield       |       |       |       |   236 |   477 |       |       |       |       ||   713
         Tower shield      |       |       |       |       |   156 |  1951 |  1707 |  2483 |  6115 || 12412
         Reflection        |       |       |       |       |     8 |   213 |    82 |    54 |   163 ||   520
Riposte: Flail             |       |       |       |    38 |       |       |       |       |       ||    38
